 Dungeon Crawl Stone Soup version 0.31-a0-180-g519b7de00c (webtiles) character file.

Game seed: 18265363272507329863

617778 qw the Conqueror (level 27, -4/199 HPs)
             Began as a Gargoyle Fighter on June 20, 2023.
             Was a Believer of Okawaru.
             Slain by a rockslime (20 damage)
             ... created by the Royal Jelly
             ... on level 5 of the Pits of Slime.
             The game lasted 00:45:35 (59236 turns).

qw the Conqueror (Gargoyle Fighter)                Turns: 59236, Time: 00:45:35

Health: -4/199     AC: 59    Str: 34 (36) XL:     27
Magic:  31/31      EV: 20    Int: 14 (15) God:    Okawaru [**....]
Gold:   914        SH: 24    Dex:  3 (4)  Spells: 26/26 levels left

rFire   + + .        g - +4 war axe (vamp)
rCold   + + .        G - +2 tower shield
rNeg    + + .        c - +7 gold dragon scales of Valour {*Slow rPois rF+ rC+ rN+ Str+5}
rPois   inf          I - +2 helmet {SInv}
rElec   +            l - +2 cloak {rPois}
rCorr   .            a - +2 pair of gloves
SInv    +            v - +2 pair of boots {Fly}
Will    ++...        q - amulet of faith Stlth
                     o - +5 ring of evasion
HPRegen 0.53/turn    e - +5 ring of evasion
MPRegen 0.22/turn

%: slow self (1%), faith
@: about to teleport, heroic, corroded, flying
A: sickness immunity, AC +20, big wings, negative energy resistance 1,
electricity resistance, torment resistance 1, petrification resistance, hooves
1, clever 1, clumsy 2, cold resistance 1, deterioration 1, fire resistance 1,
screaming 1, teleportitis 1, no potion heal 1, subdued magic 2, inability to
read after injury 1, sturdy frame 1
}: 3/15 runes: barnacled, silver, gossamer
a: Renounce Religion, Heroism


You were on level 5 of the Pits of Slime.
You worshipped Okawaru.
Okawaru was pleased with you.
You visited 10 branches of the dungeon, and saw 49 of its levels.
You visited the Abyss 3 times.
You visited 1 bazaar.
You also visited: Gauntlet.

You collected 8716 gold pieces.
You spent 7802 gold pieces at shops.


Innate Abilities, Weirdness & Mutations

You are immune to sickness and miasma.
Your stone body is resilient. (AC +20)
You are immune to poison.
Your large and strong wings let you fly.
You resist negative energy. (rN+)
You are resistant to electric shocks. (rElec)
You are resistant to unholy torment.
You are immune to petrification.
You have large cloven feet.
Your mind is acute. (Int +4, Str/Dex -1)
You are very clumsy. (Dex -4)
Your flesh is cold resistant. (rC+)
Your body sometimes deteriorates upon taking damage.
Your flesh is heat resistant. (rF+)
You occasionally shout uncontrollably at your foes.
You are occasionally teleported next to monsters.
Potions are less effective at restoring your health.
Your spells are easier to cast, but less powerful.
You occasionally lose the ability to read scrolls when taking damage.
Your movements are slightly less encumbered by armour. (ER -2)


   Skills:
 O Level 27 Fighting
 + Level 18.2(23.2) Axes
 - Level 14.5(19.5) Throwing
 - Level 22.0(27) Armour
 - Level 7.0(12.0) Dodging
 - Level 22.0(27) Shields
 - Level 11.5 Invocations


You had 26 spell levels left.
You didn't know any spells.
Your spell library was empty.

Inventory:

Hand Weapons
 g - a +4 vampiric war axe (weapon)
 n - a +2 vampiric war axe
 t - a +4 heavy broad axe
Missiles
 D - 8 boomerangs (quivered)
Armour
 a - a +2 pair of gloves (worn)
 c - the +7 gold dragon scales of Valour (worn) {*Slow rPois rF+ rC+ rN+ Str+5}
   (Okawaru gifted it to you on level 2 of the Shoals)

   Str:       It affects your strength (+5).
   rF:        It protects you from fire.
   rC:        It protects you from cold.
   rPois:     It protects you from poison.
   rN:        It protects you from negative energy.
   *Slow:     It may slow you when you take damage.
 l - a +2 cloak of poison resistance (worn)
 u - the scarf "Zudups" {shadows, -Tele Will+ rCorr MP+9 Slay+2}
   (You acquired it on level 4 of the Vaults)

   Slay:      It affects your accuracy & damage with ranged weapons and melee
   (+2).
   MP:        It affects your magic capacity (+9).
   -Tele:     It prevents most forms of teleportation.
   rCorr:     It protects you from acid and corrosion.
   Will:      It increases your willpower.
 v - a +2 pair of boots of flying (worn)
 y - a scarf of resistance
 G - a +2 tower shield (worn)
 I - a +2 helmet of see invisible (worn)
 K - the +0 mask of the Dragon {Will+ Slay+3 SInv}
   (You found it on level 4 of the Shoals)

   Slay:      It affects your accuracy & damage with ranged weapons and melee
   (+3).
   SInv:      It lets you see invisible.
   Will:      It increases your willpower.
Jewellery
 e - a +5 ring of evasion (right hand)
 o - a +5 ring of evasion (left hand)
 q - an amulet of faith (around neck)
 w - the ring "Buemust" {rElec rF+ rC- rN+}
   (You found it in a Gauntlet)

   [ring of positive energy]

   rF:        It protects you from fire.
   rC:        It makes you vulnerable to cold.
   rElec:     It insulates you from electricity.
   rN:        It protects you from negative energy.
 F - a ring of protection from cold
 H - an amulet of reflection
 J - a ring of protection from fire
 L - a ring of protection from cold
 Y - the ring of Veschot {rC- Will+ AC+4 Str+3 Stlth+}
   (You bought it in a shop on level 8 of the Dungeon)

   [ring of protection]

   AC:        It affects your AC (+4).
   Str:       It affects your strength (+3).
   rC:        It makes you vulnerable to cold.
   Will:      It increases your willpower.
   Stlth:     It makes you more stealthy.
Wands
 z - a wand of digging (20)
Scrolls
 f - 17 scrolls of identify
 s - 3 scrolls of teleportation
 C - 5 scrolls of enchant armour
 M - a scroll of brand weapon
Potions
 b - 3 potions of magic
 d - 8 potions of might
 h - 9 potions of curing
 i - 13 potions of lignification
 m - 6 potions of resistance
 p - 14 potions of attraction
 x - 6 potions of haste
 B - 14 potions of enlightenment

Dungeon Overview and Level Annotations

Branches:
Dungeon (15/15)            Temple (1/1) D:6            Lair (5/5) D:10
 Shoals (4/4) Lair:2       Spider (4/4) Lair:3        Slime (5/5) Lair:4
    Orc (2/2) D:12            Elf (0/3) Orc:2        Vaults (5/5) D:14
  Crypt (0/3) Vaults:2     Depths (4/4) D:15            Zot (4/5) Depths:4
Gauntlet (visited)

Altars:
Ashenzari
Cheibriados
Dithmenos
Elyvilon
Fedhas
Gozag
Hepliaklqana
Kikubaaqudgha
Makhleb
Nemelex Xobeh
Okawaru
Qazlal
Ru
Sif Muna
Trog
Uskayaw
Vehumet
Wu Jian
Xom
Yredelemnul
Zin
The Shining One
Jiyva

Shops:
D:4 ?=   D:8 (?[[=   Orc:1 ?   Orc:2 *?*((*(!*   Shoals:3 [   Vaults:4 (?*
Vaults:5 =   Depths:1 [[   Depths:4 !

Portals:
Hell: Depths:1 Depths:2 Depths:3 Depths:4
Abyss: Depths:3
Pandemonium: Depths:2
Ziggurat: Depths:1

Annotations:
D:4 2 transporters
D:7 1 runed translucent door, Crazy Yiuf
Lair:4 1 runed translucent door, qw's ghost, journeyman GrFi
Slime:5 Royal Jelly
Vaults:1 36 runed doors
Depths:1 exclusions: 2 angels and daeva
Depths:3 2 transporters
Depths:4 1 runed translucent door, qw's ghost, veteran GrFi
Zot:1 3 runed translucent doors, qw's ghost, veteran GrFi
Zot:3 3 runed translucent doors, exclusions: 4 draconian annihilators, electric golem and 2 shock serpents, Icycared's ghost, master GrFi; qw's ghost, veteran GrFi


Message History

Enter note:
Enter note:
Enter note:
Enter note:
Enter note:
Enter note:
Enter note:
Enter note:
Enter note:
Enter note:
59230 ||| READING 5 scrolls of teleportation.
As you read the scroll of teleportation, it crumbles to dust.
You feel strangely unstable.
The acid blob jiggles.
The rockslime hits you but does no damage.
You slice the rockslime!!
The rockslime is moderately wounded.
You closely miss the azure jelly.
The azure jelly hits you but does no damage.
You block the azure jelly's attack. The azure jelly barely misses you.
You block the azure jelly's attack.
The Royal Jelly jiggles.
You hit the Royal Jelly but do no damage.
Your hands burn!
The Royal Jelly is moderately wounded.
You slash the quicksilver ooze! You hit the azure jelly.
You hit the rockslime but do no damage.
Your surroundings suddenly seem different.
The rockslime quivers.
The quicksilver ooze quivers.
The acid blob quivers.
59234 ||| READING 4 scrolls of teleportation.
As you read the scroll of teleportation, it crumbles to dust.
You feel strangely unstable. The acid blob spits acid at you.
The splash of acid misses you. The quicksilver ooze misses you.
You block the quicksilver ooze's attack.
The acid blob hits you! The acid corrodes you!
You are splashed with acid.
You block the quicksilver ooze's attack.
The quicksilver ooze misses you. The rockslime hits you!!
You die...

##.#.....#..........##.##
#.......................# ###
#.......................###.#
..........................#.#
............................####
...............................##
................................#
<...............JJ.............##
......^.........@................
...............^.J...............
.................................
.................................
.................................
...........#.#..#................
........####.######..............
......###? #..# ###.............
.....###)$ ##.# !$###............


You could see an acid blob, a rockslime and a quicksilver ooze.

Vanquished Creatures
  2 ancient liches
  Mennas (Depths:4)
  2 orbs of fire
  Saint Roka (Vaults:2)
  4 curse toes
  9 golden dragons
  Nikola (Spider:2)
  2 electric golems
  Arachne (Spider:2)
  5 tentacled monstrosities
  13 quicksilver dragons
  A walking divine tome (Depths:3)
  4 titans (Vaults:5)
  2 liches
  Gastronok (Lair:1)
  4 death cobs
  18 acid blobs
  2 tentacled starspawn (Abyss:2)
  A sphinx (Vaults:2)
  A kraken (Shoals:4)
  15 storm dragons
  7 tengu reavers
  9 shadow dragons
  15 draconian monks
  14 azure jellies
  4 emperor scorpions
  6 draconian knights
  Donald (Vaults:3)
  Roxanne (Spider:4)
  12 rockslimes
  A deep elf sorcerer (Vaults:5)
  6 fire giants
  4 ghost moths
  16 vault wardens
  4 iron dragons
  A balrug (Abyss:2)
  5 draconian shifters
  7 draconian scorchers
  Aizul (Shoals:1)
  5 frost giants
  A spectral caustic shrike (Depths:2)
  Louise (Spider:1)
  An orc warlord (Vaults:4)
  A curse skull (Vaults:2)
  A cacodemon (Abyss:2)
  7 very ugly things
  9 draconian annihilators
  6 war gargoyles
  4 draconian stormcallers
  9 formless jellyfish
  20 ironbound preservers
  8 quicksilver oozes
  14 stone giants
  2 caustic shrike skeletons (Depths:3)
  4 vampire knights (Depths:2)
  An ophan (Abyss:1)
  5 broodmothers
  A quicksilver ooze (shapeshifter) (Vaults:5)
  A deep elf demonologist (Abyss:2)
  20 black draconians
  9 ironbound thunderhulks
  A minotaur (Gauntlet)
  3 white draconians
  9 green draconians
  3 spark wasps
  14 dire elephants
  A spectral titan (Depths:2)
  11 yellow draconians
  3 starcursed masses (Abyss:2)
  Azrael (D:15)
  7 purple draconians
  22 red draconians
  A spectral quicksilver dragon (Depths:2)
  6 fire dragons
  5 deep elf death magi
  Snorg (Lair:3)
  2 spectral golden dragons (Depths:2)
  A crystal guardian (Vaults:1)
  A blizzard demon (Zot:1)
  8 merfolk javelineers
  14 merfolk impalers
  16 yaktaur captains
  Josephine (Orc:1)
  2 eidola (Depths:2)
  2 deep elf high priests
  14 ettins
  8 great orbs of eyes
  3 entropy weavers
  3 spectral tengu (Depths:2)
  6 ice dragons
  Erolcha (D:10)
  2 spectral spriggans (Depths:2)
  5 spectral shadow dragons (Depths:2)
  34 vault guards
  2 rakshasas
  6 hydras
  3 juggernaut simulacra (Depths:2)
  A spriggan air mage (Depths:3)
  3 peacekeepers
  4 radroaches
  2 hell beasts (Depths:3)
  14 ironbound frosthearts
  6 spectral sphinxes (Depths:2)
  2 spectral stone giants (Depths:2)
  6 boulder beetles
  A jorogumo (Spider:3)
  4 merfolk aquamancers
  A spectral frost giant (Depths:2)
  11 centaur warriors
  2 dancing weapons (Zot:3)
  7 death scarabs
  3 merfolk avatars
  2 two-headed ogres
  A deep troll shaman (Depths:2)
  A radroach (shapeshifter) (Vaults:5)
  5 satyrs
  5 death yaks
  6 tengu warriors
  5 demonic crawlers
  A deep troll earth mage (Depths:4)
  A thrashing horror (Abyss:1)
  2 orc high priests
  2 spriggan berserkers
  6 vampire magi
  A hell knight (Vaults:5)
  A spectral emperor scorpion (Spider:4)
  3 shock serpents (Zot:3)
  11 sun demons
  A fire crab (D:10)
  2 sun moths
  3 soul eaters (Depths:2)
  A salamander mystic (Depths:3)
  A shadow wraith (Vaults:5)
  3 spectral death yaks (Lair:5)
  3 spriggans (Depths:3)
  A titan skeleton (Depths:1)
  2 wretched stars (Abyss:2)
  9 sixfirhies
  7 pharaoh ants
  An iron troll (Depths:1)
  11 sea snakes
  3 skysharks
  7 orb spiders
  4 flayed ghosts
  2 spectral iron dragons (Depths:2)
  A spectral hydra (Gauntlet)
  40 deep trolls
  A death drake (Depths:2)
  A golden dragon skeleton (Depths:1)
  A spectral anaconda (Lair:5)
  A shadow dragon zombie (Depths:1)
  3 phantasmal warriors
  2 orange crystal statues (Depths:2)
  11 wizards
  22 harpies
  An obsidian statue (Lair:5)
  A spectral jorogumo (Spider:4)
  A spriggan simulacrum (Depths:2)
  13 lindwurms
  9 glowing orange brains
  3 spectral wolf spiders (Spider:4)
  7 steelbarb worms
  17 ironbound convokers
  9 orc knights
  9 wolf spiders
  A steelbarb worm (shapeshifter) (Vaults:5)
  2 tengu skeletons (Vaults:3)
  A mana viper (shapeshifter) (Vaults:2)
  8 necromancers
  A deep elf pyromancer (D:13)
  2 iron dragon zombies (Depths:3)
  A stone giant zombie (Depths:1)
  30 ugly things
  2 shining eyes (Slime:5)
  9 cyclopes
  12 manticores
  20 fauns
  4 orc sorcerers
  3 salamanders (Depths:3)
  Maurice (D:11)
  26 moths of wrath
  5 black mambas
  9 elephants
  An elephant (shapeshifter) (Vaults:5)
  11 merfolk sirens
  A titan simulacrum (Depths:2)
  Joseph (D:7)
  An apocalypse crab (Abyss:2)
  18 vault sentinels
  5 eyes of devastation
  12 large abominations
  4 water nymphs (Shoals:4)
  An orange demon (Abyss:2)
  A cane toad (shapeshifter) (D:15)
  A hellion (Abyss:2)
  An unseen horror (D:12)
  3 torpor snails
  4 smoke demons (Abyss:2)
  11 cane toads
  A kobold demonologist (D:10)
  3 redback zombies (Spider:4)
  3 rime drakes
  A yaktaur zombie (Vaults:3)
  5 spectral glowing shapeshifters (Depths:2)
  An elf skeleton (Vaults:3)
  3 freezing wraiths
  3 spectral redbacks (Spider:4)
  17 yaktaurs
  11 komodo dragons
  A spectral human (Depths:2)
  2 golden dragon simulacra (Depths:2)
  3 ancient zymes (Abyss:2)
  9 trolls
  3 meliai (D:14)
  29 merfolk
  30 blink frogs
  2 spectral jumping spiders (Spider:4)
  A hellwing (Abyss:2)
  3 polar bears
  10 saltlings (Orc:2)
  2 jumping spider zombies (Spider:4)
  2 shadow dragon simulacra (Depths:2)
  12 tarantellas
  A wind drake (shapeshifter) (D:14)
  A hornet (shapeshifter) (Vaults:5)
  14 dream sheep
  3 spectral culicivoras (Spider:4)
  2 sphinx simulacra (Depths:2)
  6 wind drakes
  3 hornets (Depths:3)
  3 raiju
  4 spectral tarantellas (Spider:4)
  11 snapping turtles
  2 spectral elephants (Lair:5)
  An iron dragon simulacrum (Depths:2)
  49 slime creatures
  A slime creature (shapeshifter) (Vaults:5)
  5 small abominations (Abyss:2)
  14 jumping spiders
  10 shadows
  3 ynoxinuls
  2 basilisks
  17 water elementals
  7 wraiths
  34 yaks
  23 culicivoras
  3 wyverns
  4 fire bats (Abyss:1)
  Grum (D:10)
  A golden eye (Slime:5)
  2 neqoxecs
  4 fire elementals (D:15)
  3 death yak simulacra (Lair:5)
  18 humans (D:14)
  47 redbacks
  4 wargs
  16 vampire mosquitoes
  An acid dragon (D:9)
  4 hell hounds (D:15)
  3 floating eyes
  16 water moccasins
  A glowing shapeshifter skeleton (Depths:1)
  18 orc warriors
  A sky beast (D:8)
  3 black bears
  4 ogres
  2 elephant zombies (Lair:5)
  28 wolves
  13 centaurs
  2 elephant skeletons (Lair:5)
  3 phantoms
  12 bullfrogs
  3 kobold brigands
  2 cane toad simulacra (Lair:5)
  3 scorpions
  7 wights
  2 troll zombies (D:12)
  An elephant simulacrum (Lair:5)
  8 killer bees
  5 electric eels
  2 crimson imps
  6 howler monkeys
  6 hounds
  13 orc priests
  An iron imp (Abyss:2)
  4 jellies (Lair:4)
  4 iguanas
  2 sleepcaps (D:6)
  2 hell rats (Lair:2)
  21 orc wizards
  Natasha (D:3)
  5 lightning spires (Zot:3)
  4 ogre zombies (D:12)
  A gnoll (D:5)
  7 adders
  10 river rats
  6 white imps
  2 ufetubi
  3 worms
  2 dart slugs (D:1)
  90 orcs
  6 endoplasms
  3 giant cockroaches
  6 goblins
  7 hobgoblins
  6 ball pythons
  4 bats
  4 frilled lizards (D:1)
  3 goblin zombies (D:12)
  4 hobgoblin zombies (D:12)
  20 kobolds
  2 orc skeletons (D:12)
  10 orc zombies (D:12)
  4 rats
  A ball lightning (Zot:3)
  A fire vortex (Depths:3)
  3 starspawn tentacles (Abyss:2)
1997 creatures vanquished.

Vanquished Creatures (others)
  A golden dragon (Zot:4)
  A draconian monk (Zot:3)
  A storm dragon (Zot:3)
  A fire giant (Depths:1)
  A draconian knight (Zot:1)
  A draconian annihilator (Zot:3)
  A purple draconian (Zot:3)
  A moth of wrath (Zot:3)
  A jumping spider (Spider:2)
  A ynoxinul (Abyss:2)
  A small abomination (Abyss:2)
  4 ball lightnings (Zot:3)
  2 starspawn tentacles (Abyss:2)
  4 tentacles (Shoals:4)
21 creatures vanquished.

Grand Total: 2018 creatures vanquished

Notes
Turn   | Place    | Note
-------+----------+-------------------------------------------
     0 | D:1      | qw the Gargoyle Fighter began the quest for the Orb.
     0 | D:1      | Reached XP level 1. HP: 14/14 MP: 1/1
     0 | D:1      | 0 ||| qw: Version: 0.3-a-9-g12657ce
     0 | D:1      | 0 ||| qw: Game counter: 1125
     0 | D:1      | 0 ||| qw: Always use a shield: true
     0 | D:1      | 0 ||| qw: God list: Okawaru
     0 | D:1      | 0 ||| qw: Allow faded altars: false
     0 | D:1      | 0 ||| qw: Do Orc after D:15 true
     0 | D:1      | 0 ||| qw: Do second Lair branch before Depths: true
     0 | D:1      | 0 ||| qw: Lair rune preference: random
     0 | D:1      | 0 ||| qw: Plans: Normal, Zot:1-4, Slime:5, God:TSO, Crypt,
                  | Tomb, Abyss, Pan, Hells, Win
     0 | D:1      | 0 ||| PLANNING D:1-11
   122 | D:1      | Found a faded altar of an unknown god.
   196 | D:1      | Reached XP level 2. HP: 18/19 MP: 2/2
   367 | D:1      | 367 ||| Stepping ~*~*~tactically~*~*~ (hiding).
   483 | D:1      | 483 ||| Stepping ~*~*~tactically~*~*~ (stealth).
   491 | D:1      | Reached skill level 3 in Axes
   495 | D:1      | Reached XP level 3. HP: 19/23 MP: 3/3
   511 | D:1      | 511 ||| Stepping ~*~*~tactically~*~*~ (stealth).
   614 | D:1      | 614 ||| Stepping ~*~*~tactically~*~*~ (stealth).
   620 | D:1      | 620 ||| Stepping ~*~*~tactically~*~*~ (stealth).
  1022 | D:1      | 1022 ||| READING scroll labelled JAONUEREQUY.
  1036 | D:1      | 1036 ||| READING scroll labelled JATUGO UNKA.
  1040 | D:1      | 1040 ||| READING scroll labelled DITRAY MECEU.
  1127 | D:2      | 1127 ||| Stepping ~*~*~tactically~*~*~ (hiding).
  1139 | D:2      | 1139 ||| Stepping ~*~*~tactically~*~*~ (stealth).
  1269 | D:2      | Found a glowing silver altar of Zin.
  1472 | D:2      | 1472 ||| UPGRADING to +0 plate armour.
  1482 | D:2      | 1482 ||| DROPPING +0 scale mail.
  1483 | D:2      | 1483 ||| UPGRADING to +0 helmet.
  1488 | D:2      | 1488 ||| UPGRADING to amulet of regeneration.
  1493 | D:2      | 1493 ||| READING scroll labelled IZIOFE JAWNINU.
  1494 | D:2      | 1494 ||| READING 4 scrolls of identify.
  1494 | D:2      | 1494 ||| IDENTIFYING fuming cyan potion
  1495 | D:2      | 1495 ||| READING 3 scrolls of identify.
  1495 | D:2      | 1495 ||| IDENTIFYING fizzy brown potion
  1496 | D:2      | 1496 ||| READING 2 scrolls of identify.
  1496 | D:2      | 1496 ||| IDENTIFYING fizzy purple potion
  1518 | D:3      | 1518 ||| STAIRDANCE
  1552 | D:3      | Reached XP level 4. HP: 28/28 MP: 4/4
  1835 | D:3      | 1835 ||| Stepping ~*~*~tactically~*~*~ (hiding).
  1836 | D:3      | 1836 ||| Stepping ~*~*~tactically~*~*~ (hiding).
  2110 | D:3      | Found a sparkling altar of Nemelex Xobeh.
  2233 | D:3      | Noticed Natasha
  2243 | D:3      | Killed Natasha
  2244 | D:3      | Reached XP level 5. HP: 32/32 MP: 5/5
  2280 | D:3      | 2280 ||| READING 2 scrolls labelled YFUIQOUMAGE.
  2281 | D:3      | 2281 ||| READING scroll of enchant weapon.
  2281 | D:3      | 2281 ||| ENCHANTING +1 war axe.
  2282 | D:3      | 2282 ||| READING scroll labelled XEMAXTI SEARPH.
  2296 | D:4      | 2296 ||| STAIRDANCE
  2319 | D:4      | 2319 ||| Stepping ~*~*~tactically~*~*~ (stealth).
  2325 | D:4      | 2325 ||| Stepping ~*~*~tactically~*~*~ (hiding).
  2346 | D:4      | 2346 ||| Stepping ~*~*~tactically~*~*~ (stealth).
  2347 | D:4      | 2347 ||| DROPPING +0 whip.
  2349 | D:4      | 2349 ||| Stepping ~*~*~tactically~*~*~ (hiding).
  2363 | D:4      | Reached skill level 4 in Fighting
  2363 | D:4      | Reached XP level 6. HP: 38/38 MP: 6/6
  2384 | D:4      | 2384 ||| DROPPING +0 mace.
  2393 | D:4      | 2393 ||| Stepping ~*~*~tactically~*~*~ (stealth).
  2405 | D:4      | 2405 ||| Stepping ~*~*~tactically~*~*~ (stealth).
  2509 | D:4      | Found a transporter.
  2509 | D:4      | Found Akolinar's Magic Scroll Shop.
  2542 | D:4      | Found a transporter.
  2623 | D:4      | Found Qat Seyv's Jewellery Emporium.
  2646 | D:4      | 2646 ||| SHOPLISTING ring "Fenaku" {+Blink rN+ Dex-2
                  | Slay+3} (466 gold, have 201).
  2646 | D:4      | 2646 ||| BUYING ring of see invisible (165 gold).
  2646 | D:4      | Bought a ring of see invisible for 165 gold pieces
  2646 | D:4      | 2646 ||| SHOPLISTING ring of willpower (275 gold, have 36).
  2761 | D:4      | 2761 ||| UPGRADING to ring of see invisible.
  2762 | D:4      | 2762 ||| READING scroll labelled CEK DA YBOACW.
  2763 | D:4      | 2763 ||| READING scroll labelled GATOIRGH RIWK.
  2773 | D:5      | Entered Level 5 of the Dungeon
  2861 | D:5      | Reached skill level 6 in Axes
  2862 | D:5      | 2862 ||| Stepping ~*~*~tactically~*~*~ (hiding).
  2865 | D:5      | 2865 ||| Stepping ~*~*~tactically~*~*~ (hiding).
  3020 | D:5      | Reached XP level 7. HP: 40/43 MP: 7/7
  3055 | D:5      | 3055 ||| Stepping ~*~*~tactically~*~*~ (stealth).
  3304 | D:5      | 3304 ||| Stepping ~*~*~tactically~*~*~ (stealth).
  3345 | D:5      | 3345 ||| Stepping ~*~*~tactically~*~*~ (stealth).
  3360 | D:5      | 3360 ||| Stepping ~*~*~tactically~*~*~ (stealth).
  3579 | D:5      | 3579 ||| DRINKING 2 ruby potions.
  3580 | D:5      | 3580 ||| DRINKING 2 bubbling orange potions.
  3621 | D:6      | Found a staircase to the Ecumenical Temple.
  3622 | D:6      | 3622 ||| PLANNING TEMPLE
  3628 | Temple   | Entered the Ecumenical Temple
  3640 | Temple   | 3640 ||| PLANNING D:1-11
  3674 | D:6      | Reached skill level 5 in Fighting
  3677 | D:6      | Reached XP level 8. HP: 49/49 MP: 8/8
  3678 | D:6      | 3678 ||| DROPPING +0 flail.
  3696 | D:6      | 3696 ||| Stepping ~*~*~tactically~*~*~ (hiding).
  3698 | D:6      | 3698 ||| Stepping ~*~*~tactically~*~*~ (hiding).
  3705 | D:6      | Reached skill level 1 in Dodging
  3728 | D:6      | 3728 ||| Stepping ~*~*~tactically~*~*~ (hiding).
  3736 | D:6      | Reached skill level 1 in Throwing
  3762 | D:6      | Found a stormy altar of Qazlal.
  3796 | D:6      | 3796 ||| Stepping ~*~*~tactically~*~*~ (stealth).
  3797 | D:6      | 3797 ||| Stepping ~*~*~tactically~*~*~ (stealth).
  3799 | D:6      | 3799 ||| Stepping ~*~*~tactically~*~*~ (hiding).
  3991 | D:6      | Noticed a komodo dragon
  4002 | D:6      | HP: 4/49 [komodo dragon (11)]
  4003 | D:6      | 4003 ||| READING 2 scrolls of teleportation.
  4004 | D:6      | 4004 ||| DRINKING 3 potions of heal wounds.
  4007 | D:6      | 4007 ||| DRINKING 2 potions of heal wounds.
  4063 | D:6      | HP: 10/49 [komodo dragon (17)]
  4064 | D:6      | 4064 ||| READING scroll of teleportation.
  4065 | D:6      | 4065 ||| DRINKING potion of heal wounds.
  4066 | D:6      | Killed a komodo dragon
  4148 | D:6      | Reached skill level 6 in Fighting
  4247 | D:6      | 4247 ||| UPGRADING to +5 ring of evasion.
  4360 | D:7      | Found an ornate altar of the Wu Jian Council.
  4372 | D:7      | 4372 ||| Stepping ~*~*~tactically~*~*~ (stealth).
  4374 | D:7      | 4374 ||| Stepping ~*~*~tactically~*~*~ (hiding).
  4376 | D:7      | 4376 ||| Stepping ~*~*~tactically~*~*~ (hiding).
  4395 | D:7      | Reached XP level 9. HP: 55/55 MP: 9/9
  4500 | D:7      | 4500 ||| Stepping ~*~*~tactically~*~*~ (stealth).
  4501 | D:7      | 4501 ||| Stepping ~*~*~tactically~*~*~ (stealth).
  4507 | D:7      | Reached skill level 9 in Axes
  4531 | D:7      | 4531 ||| Stepping ~*~*~tactically~*~*~ (stealth).
  4536 | D:7      | 4536 ||| Stepping ~*~*~tactically~*~*~ (hiding).
  4589 | D:7      | 4589 ||| Stepping ~*~*~tactically~*~*~ (hiding).
  4792 | D:7      | Found a burning altar of Makhleb.
  4795 | D:7      | Found a radiant altar of Vehumet.
  4838 | D:7      | Found a shimmering blue altar of Sif Muna.
  4869 | D:7      | 4869 ||| Stepping ~*~*~tactically~*~*~ (stealth).
  4870 | D:7      | 4870 ||| Stepping ~*~*~tactically~*~*~ (stealth).
  4871 | D:7      | 4871 ||| Stepping ~*~*~tactically~*~*~ (stealth).
  4905 | D:7      | Noticed Joseph
  4906 | D:7      | 4906 ||| Stepping ~*~*~tactically~*~*~ (hiding).
  4928 | D:7      | HP: 10/55 [Joseph/+0 spectral quarterstaff (13)]
  4929 | D:7      | Killed Joseph
  5151 | D:7      | Found a runed translucent door.
  5152 | D:7      | Noticed Crazy Yiuf
  5323 | D:7      | 5323 ||| READING scroll labelled DIHIONK MUYTSE.
  5400 | D:8      | 5400 ||| Stepping ~*~*~tactically~*~*~ (stealth).
  5417 | D:8      | Reached skill level 7 in Fighting
  5422 | D:8      | Reached skill level 6 in Armour
  5464 | D:8      | Found Zigod's Magic Scroll Shop.
  5478 | D:8      | Reached XP level 10. HP: 63/63 MP: 10/10
  5481 | D:8      | 5481 ||| BUYING scroll of identify (26 gold).
  5481 | D:8      | Bought a scroll of identify for 26 gold pieces
  5481 | D:8      | 5481 ||| BUYING scroll of identify (26 gold).
  5481 | D:8      | Bought a scroll of identify for 26 gold pieces
  5540 | D:8      | Found a blossoming altar of Fedhas.
  5596 | D:8      | 5596 ||| Stepping ~*~*~tactically~*~*~ (stealth).
  5670 | D:8      | Found Mefaista's Antique Armour Emporium.
  5675 | D:8      | 5675 ||| SHOPLISTING shiny helmet (202 gold, have 141).
  5690 | D:8      | Found an iron altar of Okawaru.
  5691 | D:8      | 5691 ||| PLANNING OKAWARU WORSHIP
  5691 | D:8      | 5691 ||| READING scroll labelled YREEHE GEACKEA.
  5692 | D:8      | 5692 ||| READING 3 scrolls of identify.
  5692 | D:8      | 5692 ||| IDENTIFYING white potion
  5693 | D:8      | 5693 ||| READING 2 scrolls of identify.
  5693 | D:8      | 5693 ||| IDENTIFYING fuming blue potion
  5694 | D:8      | 5694 ||| DROPPING potion of brilliance.
  5697 | D:8      | Became a worshipper of Warmaster Okawaru
  5698 | D:8      | 5698 ||| PLANNING D:1-11
  5711 | D:8      | Found Soydeb's Antique Armour Boutique.
  5721 | D:8      | 5721 ||| BUYING cloak (117 gold).
  5721 | D:8      | Bought a cloak for 117 gold pieces
  5773 | D:8      | 5773 ||| Stepping ~*~*~tactically~*~*~ (hiding).
  5775 | D:8      | 5775 ||| Stepping ~*~*~tactically~*~*~ (hiding).
  5783 | D:8      | Reached skill level 8 in Fighting
  5805 | D:8      | Found Koyqiq's Weapon Emporium.
  6017 | D:8      | Found Qesual's Jewellery Shoppe.
  6021 | D:8      | 6021 ||| SHOPLISTING +6 ring of dexterity (468 gold, have
                  | 54).
  6021 | D:8      | 6021 ||| SHOPLISTING ring of Guobby {*Slow rPois Will+
                  | Str+3 Dex+6} (695 gold, have 54).
  6021 | D:8      | 6021 ||| SHOPLISTING ring of Veschot {rC- Will+ AC+4 Str+3
                  | Stlth+} (659 gold, have 54).
  6021 | D:8      | 6021 ||| SHOPLISTING ring of ice (325 gold, have 54).
  6021 | D:8      | 6021 ||| SHOPLISTING ring of protection from cold (325
                  | gold, have 54).
  6082 | D:8      | Found a basalt altar of Yredelemnul.
  6130 | D:8      | 6130 ||| UPGRADING to +0 cloak.
  6135 | D:8      | 6135 ||| READING scroll labelled ZAFFIARU IVIMN.
  6236 | D:8      | 6236 ||| DRINKING 2 murky golden potions.
  6358 | D:9      | Found a snail-covered altar of Cheibriados.
  6397 | D:9      | 6397 ||| Stepping ~*~*~tactically~*~*~ (hiding).
  6861 | D:9      | Found a broken altar of Ashenzari.
  7118 | D:10     | Entered Level 10 of the Dungeon
  7146 | D:10     | 7146 ||| Stepping ~*~*~tactically~*~*~ (stealth).
  7147 | D:10     | 7147 ||| Stepping ~*~*~tactically~*~*~ (stealth).
  7179 | D:10     | 7179 ||| Stepping ~*~*~tactically~*~*~ (stealth).
  7185 | D:10     | Reached * piety under Okawaru
  7186 | D:10     | 7186 ||| INVOKING Heroism.
  7216 | D:10     | Noticed Grum
  7217 | D:10     | 7217 ||| INVOKING Heroism.
  7228 | D:10     | Reached skill level 1 in Invocations
  7229 | D:10     | Killed Grum
  7234 | D:10     | 7234 ||| INVOKING Heroism.
  7351 | D:10     | Noticed a kobold demonologist
  7352 | D:10     | 7352 ||| Stepping ~*~*~tactically~*~*~ (stealth).
  7366 | D:10     | Killed a kobold demonologist
  7406 | D:10     | 7406 ||| Stepping ~*~*~tactically~*~*~ (stealth).
  7410 | D:10     | Reached skill level 3 in Invocations
  7536 | D:10     | Reached ** piety under Okawaru
  7537 | D:10     | Reached skill level 9 in Fighting
  7669 | D:10     | Found a hazy altar of Hepliaklqana.
  7670 | D:10     | Found a shadowy altar of Dithmenos.
  7698 | D:10     | Noticed Erolcha
  7699 | D:10     | 7699 ||| INVOKING Heroism.
  7707 | Abyss:1  | Cast into level 1 of the Abyss (Erolcha)
  7735 | Abyss:1  | Noticed a thrashing horror
  7736 | Abyss:1  | 7736 ||| Stepping ~*~*~tactically~*~*~ (stealth).
  7747 | Abyss:1  | Killed a thrashing horror
  7748 | Abyss:1  | Reached XP level 11. HP: 67/71 MP: 12/14
  7769 | Abyss:1  | Noticed a sixfirhy
  7770 | Abyss:1  | 7770 ||| Stepping ~*~*~tactically~*~*~ (stealth).
  7771 | Abyss:1  | 7771 ||| Stepping ~*~*~tactically~*~*~ (stealth).
  7776 | Abyss:1  | 7776 ||| INVOKING Heroism.
  7781 | Abyss:1  | Killed a sixfirhy
  7804 | Abyss:1  | 7804 ||| Stepping ~*~*~tactically~*~*~ (stealth).
  7814 | Abyss:1  | 7814 ||| Stepping ~*~*~tactically~*~*~ (stealth).
  7832 | Abyss:1  | Reached *** piety under Okawaru
  7873 | Abyss:1  | Found a corrupted altar of Lugonu.
  7874 | Abyss:1  | Noticed an ophan
  7875 | Abyss:1  | 7875 ||| Stepping ~*~*~tactically~*~*~ (stealth).
  7877 | Abyss:1  | 7877 ||| Stepping ~*~*~tactically~*~*~ (stealth).
  7887 | Abyss:1  | Found a corrupted altar of Lugonu.
  7891 | Abyss:1  | 7891 ||| INVOKING Heroism.
  7906 | Abyss:1  | Killed an ophan
  7906 | Abyss:1  | Received a gift from Okawaru
  7907 | Abyss:1  | Reached skill level 12 in Axes
  7909 | D:10     | Escaped the Abyss
  7911 | D:10     | 7911 ||| INVOKING Heroism.
  7924 | D:10     | Killed Erolcha
  7924 | D:10     | Reached **** piety under Okawaru
  7933 | D:10     | Found a glowing silver altar of Zin.
  7981 | D:10     | Found a staircase to the Lair.
  7981 | D:10     | Noticed a fire crab
  7985 | D:10     | 7985 ||| Stepping ~*~*~tactically~*~*~ (cloud).
  7991 | D:10     | 7991 ||| Stepping ~*~*~tactically~*~*~ (cloud).
  8001 | D:10     | 8001 ||| Stepping ~*~*~tactically~*~*~ (cloud).
  8018 | D:10     | 8018 ||| INVOKING Heroism.
  8019 | D:10     | 8019 ||| Stepping ~*~*~tactically~*~*~ (cloud).
  8021 | D:10     | 8021 ||| Stepping ~*~*~tactically~*~*~ (cloud).
  8029 | D:10     | 8029 ||| Stepping ~*~*~tactically~*~*~ (cloud).
  8035 | D:10     | 8035 ||| Stepping ~*~*~tactically~*~*~ (cloud).
  8041 | D:10     | Killed a fire crab
  8042 | D:10     | Reached skill level 6 in Shields
  8043 | D:10     | 8043 ||| Stepping ~*~*~tactically~*~*~ (cloud).
  8288 | D:10     | 8288 ||| PLANNING LAIR
  8288 | D:10     | 8288 ||| DROPPING amulet of magic regeneration.
  8289 | D:10     | 8289 ||| READING scroll labelled VIWATA IRHUA.
  8363 | Lair:1   | Entered Level 1 of the Lair of Beasts
  8383 | Lair:1   | Noticed a boulder beetle
  8384 | Lair:1   | 8384 ||| INVOKING Heroism.
  8395 | Lair:1   | 8395 ||| Stepping ~*~*~tactically~*~*~ (stealth).
  8406 | Lair:1   | 8406 ||| INVOKING Heroism.
  8422 | Lair:1   | Killed a boulder beetle
  8432 | Lair:1   | 8432 ||| Stepping ~*~*~tactically~*~*~ (stealth).
  8433 | Lair:1   | 8433 ||| INVOKING Heroism.
  8437 | Lair:1   | Reached skill level 9 in Armour
  8465 | Lair:1   | 8465 ||| Stepping ~*~*~tactically~*~*~ (stealth).
  8468 | Lair:1   | Noticed an eight-headed hydra
  8469 | Lair:1   | 8469 ||| INVOKING Heroism.
  8475 | Lair:1   | 8475 ||| SWAPPING to +0 morningstar.
  8480 | Lair:1   | Killed an eight-headed hydra
  8481 | Lair:1   | Reached skill level 6 in Invocations
  8481 | Lair:1   | Reached XP level 12. HP: 50/77 MP: 14/16
  8481 | Lair:1   | 8481 ||| SWAPPING to +2 war axe.
  8489 | Lair:1   | 8489 ||| INVOKING Heroism.
  8566 | Lair:1   | 8566 ||| INVOKING Heroism.
  8592 | Lair:1   | 8592 ||| READING scroll of enchant armour.
  8592 | Lair:1   | 8592 ||| ENCHANTING +0 helmet.
  8661 | Lair:1   | 8661 ||| INVOKING Heroism.
  8688 | Lair:1   | 8688 ||| INVOKING Heroism.
  8785 | Lair:1   | Noticed Gastronok
  8786 | Lair:1   | 8786 ||| Stepping ~*~*~tactically~*~*~ (hiding).
  8788 | Lair:1   | 8788 ||| INVOKING Heroism.
  8810 | Lair:1   | Killed Gastronok
  8810 | Lair:1   | Reached ***** piety under Okawaru
  8811 | Lair:1   | Reached skill level 3 in Throwing
  8811 | Lair:1   | Noticed a death yak
  8812 | Lair:1   | 8812 ||| INVOKING Finesse.
  8816 | Lair:1   | Noticed a death yak
  8817 | Lair:1   | Killed a death yak
  8818 | Lair:1   | Reached skill level 10 in Fighting
  8824 | Lair:1   | 8824 ||| INVOKING Heroism.
  8831 | Lair:1   | Killed a death yak
  8932 | Lair:1   | 8932 ||| Stepping ~*~*~tactically~*~*~ (stealth).
  8933 | Lair:1   | 8933 ||| Stepping ~*~*~tactically~*~*~ (stealth).
  8935 | Lair:1   | 8935 ||| Stepping ~*~*~tactically~*~*~ (stealth).
  8965 | Lair:1   | 8965 ||| INVOKING Heroism.
  9003 | Lair:1   | 9003 ||| INVOKING Heroism.
  9045 | Lair:1   | Found a dark tunnel.
  9149 | Lair:1   | 9149 ||| INVOKING Heroism.
  9180 | Lair:1   | 9180 ||| Stepping ~*~*~tactically~*~*~ (stealth).
  9182 | Lair:1   | 9182 ||| Stepping ~*~*~tactically~*~*~ (stealth).
  9213 | Lair:1   | 9213 ||| Stepping ~*~*~tactically~*~*~ (stealth).
  9216 | Lair:1   | 9216 ||| Stepping ~*~*~tactically~*~*~ (stealth).
  9224 | Lair:1   | 9224 ||| Stepping ~*~*~tactically~*~*~ (stealth).
  9227 | Lair:1   | 9227 ||| Stepping ~*~*~tactically~*~*~ (stealth).
  9234 | Lair:1   | Reached skill level 9 in Invocations
  9242 | Lair:1   | 9242 ||| INVOKING Heroism.
  9548 | Lair:1   | 9548 ||| UPGRADING to amulet of faith.
  9558 | Lair:1   | 9558 ||| DROPPING amulet of the acrobat.
  9559 | Lair:1   | 9559 ||| READING scroll labelled GEARADD SOGRO.
  9559 | Lair:1   | Identified a scroll of acquirement
  9559 | Lair:1   | 9559 ||| ACQUIRING +2 crystal plate armour of Morality {Fly
                  | Will- Str+3}
  9559 | Lair:1   | Acquired the +2 crystal plate armour of Morality {Fly Will-
                  | Str+3}
  9561 | Lair:1   | 9561 ||| UPGRADING to +2 crystal plate armour of Morality
                  | {Fly Will- Str+3}.
  9571 | Lair:1   | 9571 ||| DROPPING +0 plate armour.
  9572 | Lair:1   | 9572 ||| READING 5 scrolls of identify.
  9572 | Lair:1   | 9572 ||| IDENTIFYING orange potion
  9594 | Lair:2   | 9594 ||| STAIRDANCE
  9695 | Lair:2   | Noticed an eight-headed hydra
  9696 | Lair:2   | 9696 ||| Stepping ~*~*~tactically~*~*~ (stealth).
  9698 | Lair:2   | 9698 ||| INVOKING Heroism.
  9699 | Lair:2   | 9699 ||| INVOKING Finesse.
  9700 | Lair:2   | 9700 ||| SWAPPING to +0 morningstar.
  9704 | Lair:2   | 9704 ||| STAIRDANCE
  9710 | Lair:1   | HP: 16/77 [eight-headed hydra (5)]
  9711 | Lair:1   | 9711 ||| READING 3 scrolls of teleportation.
  9712 | Lair:1   | 9712 ||| DRINKING 2 potions of heal wounds.
  9713 | Lair:1   | Killed an eight-headed hydra
  9713 | Lair:1   | Received a gift from Okawaru
  9714 | Lair:1   | 9714 ||| SWAPPING to +2 war axe.
  9892 | Lair:2   | Reached XP level 13. HP: 78/82 MP: 20/20
 10027 | Lair:2   | 10027 ||| INVOKING Heroism.
 10028 | Lair:2   | 10028 ||| INVOKING Finesse.
 10033 | Lair:2   | 10033 ||| SWAPPING to +0 morningstar.
 10038 | Lair:2   | 10038 ||| SWAPPING to +2 war axe.
 10127 | Lair:2   | 10127 ||| INVOKING Heroism.
 10216 | Lair:2   | 10216 ||| Stepping ~*~*~tactically~*~*~ (stealth).
 10218 | Lair:2   | 10218 ||| INVOKING Heroism.
 10376 | Lair:2   | Found a staircase to the Shoals.
 10377 | Lair:2   | 10377 ||| Stepping ~*~*~tactically~*~*~ (hiding).
 10390 | Lair:2   | 10390 ||| INVOKING Heroism.
 10657 | Lair:2   | 10657 ||| Stepping ~*~*~tactically~*~*~ (stealth).
 10661 | Lair:2   | 10661 ||| Stepping ~*~*~tactically~*~*~ (stealth).
 10692 | Lair:2   | Received a gift from Okawaru
 11093 | Lair:2   | 11093 ||| UPGRADING to +0 pair of gloves.
 11098 | Lair:2   | 11098 ||| UPGRADING to +2 pair of boots of flying.
 11136 | Lair:3   | 11136 ||| PLANNING GAUNTLET
 11138 | Lair:3   | Found a bloodstained altar of Trog.
 11151 | Lair:3   | Found a gate leading to a gauntlet.
 11154 | Lair:3   | 11154 ||| INVOKING Heroism.
 11173 | Gauntlet | Entered a Gauntlet
 11173 | Gauntlet | Found a transporter.
 11173 | Gauntlet | Found a transporter.
 11177 | Gauntlet | Found a transporter.
 11177 | Gauntlet | Found a transporter.
 11187 | Gauntlet | Found a transporter.
 11197 | Gauntlet | Found a transporter.
 11197 | Gauntlet | Found a transporter.
 11221 | Gauntlet | Found a transporter.
 11228 | Gauntlet | Found a transporter.
 11244 | Gauntlet | Found a transporter.
 11266 | Gauntlet | Found a transporter.
 11288 | Gauntlet | Found a transporter.
 11328 | Gauntlet | Found a transporter.
 11342 | Gauntlet | Found a transporter.
 11444 | Gauntlet | Found a transporter.
 11466 | Gauntlet | Found a transporter.
 11548 | Gauntlet | 11548 ||| Stepping randomly (stuck).
 11549 | Gauntlet | 11549 ||| SWAPPING to +0 morningstar.
 11550 | Gauntlet | 11550 ||| UPGRADING to +2 war axe.
 11551 | Gauntlet | 11551 ||| Stepping randomly (stuck).
 11552 | Gauntlet | 11552 ||| INVOKING Heroism.
 11553 | Gauntlet | 11553 ||| SWAPPING to +0 morningstar.
 11560 | Gauntlet | 11560 ||| SWAPPING to +2 war axe.
 11587 | Gauntlet | Identified the +6 hand axe of Experimentation {antimagic,
                  | *Noise rElec Int+3}
 11608 | Gauntlet | 11608 ||| INVOKING Heroism.
 11643 | Gauntlet | Reached skill level 12 in Armour
 11675 | Gauntlet | 11675 ||| DROPPING scarf of harm.
 11728 | Gauntlet | Identified the ring "Buemust" {rElec rF+ rC- rN+}
 11739 | Gauntlet | 11739 ||| READING scroll labelled WUXKUF OHUDUGO.
 11762 | Gauntlet | Noticed a minotaur
 11763 | Gauntlet | 11763 ||| Stepping ~*~*~tactically~*~*~ (stealth).
 11764 | Gauntlet | 11764 ||| Stepping ~*~*~tactically~*~*~ (stealth).
 11766 | Gauntlet | 11766 ||| Stepping ~*~*~tactically~*~*~ (hiding).
 11769 | Gauntlet | 11769 ||| INVOKING Heroism.
 11779 | Gauntlet | Killed a minotaur
 11905 | Lair:3   | 11905 ||| PLANNING LAIR
 11917 | Lair:3   | 11917 ||| READING scroll of enchant armour.
 11917 | Lair:3   | 11917 ||| ENCHANTING +0 pair of gloves.
 11995 | Lair:3   | 11995 ||| Stepping ~*~*~tactically~*~*~ (stealth).
 11998 | Lair:3   | 11998 ||| Stepping ~*~*~tactically~*~*~ (stealth).
 12082 | Lair:3   | Found a hole to the Spider Nest.
 12102 | Lair:3   | 12102 ||| INVOKING Heroism.
 12419 | Lair:3   | 12419 ||| INVOKING Heroism.
 12480 | Lair:3   | 12480 ||| INVOKING Heroism.
 12483 | Lair:3   | 12483 ||| SWAPPING to +0 morningstar.
 12494 | Lair:3   | 12494 ||| SWAPPING to +2 war axe.
 12528 | Lair:3   | 12528 ||| DROPPING +2 flail of draining.
 12538 | Lair:3   | 12538 ||| INVOKING Heroism.
 12816 | Lair:3   | Noticed Snorg
 12817 | Lair:3   | 12817 ||| INVOKING Heroism.
 12831 | Lair:3   | Killed Snorg
 12914 | Lair:4   | You are sucked into a shaft and drop 1 floor!
 12914 | Lair:5   | Entered Level 5 of the Lair of Beasts
 12927 | Lair:5   | Received a gift from Okawaru
 12942 | Lair:5   | 12942 ||| INVOKING Heroism.
 12946 | Lair:5   | 12946 ||| Stepping ~*~*~tactically~*~*~ (stealth).
 12961 | Lair:5   | Gained mutation: Your large and strong wings let you fly.
                  | [Gargoyle growth]
 12961 | Lair:5   | Reached XP level 14. HP: 86/88 MP: 21/21
 12977 | Lair:5   | 12977 ||| Stepping ~*~*~tactically~*~*~ (stealth).
 13042 | Lair:5   | 13042 ||| INVOKING Heroism.
 13164 | Lair:5   | 13164 ||| Stepping ~*~*~tactically~*~*~ (stealth).
 13167 | Lair:5   | 13167 ||| Stepping ~*~*~tactically~*~*~ (stealth).
 13169 | Lair:5   | 13169 ||| Stepping ~*~*~tactically~*~*~ (stealth).
 13171 | Lair:5   | 13171 ||| Stepping ~*~*~tactically~*~*~ (stealth).
 13191 | Lair:5   | Received a gift from Okawaru
 13222 | Lair:5   | Reached skill level 11 in Fighting
 13310 | Lair:5   | 13310 ||| READING 7 scrolls of identify.
 13310 | Lair:5   | 13310 ||| IDENTIFYING purple potion
 13311 | Lair:5   | 13311 ||| DROPPING potion of invisibility.
 13357 | Lair:4   | 13357 ||| Stepping ~*~*~tactically~*~*~ (hiding).
 13581 | Lair:4   | Found a viscous altar of Jiyva.
 13661 | Lair:4   | Found a staircase to the Slime Pits.
 13804 | Lair:4   | Found a runed translucent door.
 13810 | Lair:4   | Noticed qw's ghost (journeyman GrFi)
 13866 | Lair:4   | Identified the +4 trident "Ciczon" {venom, +Blink Dex+3}
 14049 | Lair:4   | 14049 ||| UPGRADING to scarf of resistance.
 14086 | Lair:5   | Identified the +1 ring mail of Patience {rElec SInv}
                  | (Okawaru gifted it to you on level 5 of the Lair of Beasts)
 14086 | Lair:5   | Received a gift from Okawaru
 14117 | Lair:5   | 14117 ||| INVOKING Heroism.
 14119 | Lair:5   | 14119 ||| SWAPPING to +0 morningstar.
 14120 | Lair:5   | 14120 ||| INVOKING Finesse.
 14125 | Lair:5   | 14125 ||| SWAPPING to +2 war axe.
 14191 | Lair:5   | 14191 ||| Stepping ~*~*~tactically~*~*~ (stealth).
 14202 | Lair:5   | 14202 ||| Stepping ~*~*~tactically~*~*~ (hiding).
 14628 | Lair:5   | Noticed a dire elephant
 14628 | Lair:5   | Noticed a dire elephant
 14629 | Lair:5   | 14629 ||| INVOKING Heroism.
 14717 | Lair:5   | 14717 ||| INVOKING Heroism.
 14887 | Lair:5   | 14887 ||| INVOKING Heroism.
 14918 | Lair:5   | 14918 ||| INVOKING Heroism.
 15104 | Lair:5   | Reached skill level 15 in Axes
 15124 | Lair:5   | 15124 ||| INVOKING Heroism.
 15153 | Lair:5   | Killed a dire elephant
 15156 | Lair:5   | Killed a dire elephant
 15269 | Lair:5   | 15269 ||| INVOKING Heroism.
 15706 | Lair:5   | Noticed a dire elephant
 15707 | Lair:5   | 15707 ||| Stepping ~*~*~tactically~*~*~ (stealth).
 15710 | Lair:5   | 15710 ||| INVOKING Heroism.
 15734 | Lair:5   | Killed a dire elephant
 15767 | Lair:5   | 15767 ||| FLEEEEING.
 15768 | Lair:5   | 15768 ||| FLEEEEING.
 15769 | Lair:5   | 15769 ||| FLEEEEING.
 15770 | Lair:5   | 15770 ||| FLEEEEING.
 15771 | Lair:5   | 15771 ||| FLEEEEING.
 15772 | Lair:5   | 15772 ||| FLEEEEING.
 15773 | Lair:5   | 15773 ||| FLEEEEING.
 15774 | Lair:5   | 15774 ||| FLEEEEING.
 15775 | Lair:5   | 15775 ||| FLEEEEING.
 15776 | Lair:5   | 15776 ||| FLEEEEING.
 15777 | Lair:5   | 15777 ||| FLEEEEING.
 15778 | Lair:5   | 15778 ||| FLEEEEING.
 15779 | Lair:5   | 15779 ||| FLEEEEING.
 15780 | Lair:5   | 15780 ||| FLEEEEING.
 15781 | Lair:5   | 15781 ||| FLEEEEING.
 15782 | Lair:5   | 15782 ||| FLEEEEING.
 15783 | Lair:5   | 15783 ||| FLEEEEING.
 15784 | Lair:5   | 15784 ||| STAIRDANCE
 15980 | Lair:5   | 15980 ||| Stepping ~*~*~tactically~*~*~ (stealth).
 16043 | Lair:5   | 16043 ||| Stepping ~*~*~tactically~*~*~ (stealth).
 16055 | Lair:5   | 16055 ||| PLANNING D:1-11
 16055 | Lair:5   | 16055 ||| Stepping ~*~*~tactically~*~*~ (cloud).
 16074 | Lair:5   | Reached skill level 12 in Fighting
 16279 | D:11     | 16279 ||| INVOKING Heroism.
 16287 | D:11     | Noticed Maurice
 16288 | D:11     | HP: 19/92 [barbs]
 16289 | D:11     | 16289 ||| READING 3 scrolls of teleportation.
 16290 | D:11     | 16290 ||| DRINKING 3 potions of heal wounds.
 16483 | D:11     | Killed Maurice
 17090 | D:11     | 17090 ||| PLANNING LAIR
 17090 | D:11     | 17090 ||| DROPPING ring of wizardry.
 17091 | D:11     | 17091 ||| READING 8 scrolls of identify.
 17091 | D:11     | 17091 ||| IDENTIFYING fizzy clear potion
 17092 | D:11     | 17092 ||| DROPPING potion of ambrosia.
 17312 | Lair:5   | 17312 ||| INVOKING Heroism.
 17324 | Lair:5   | Received a gift from Okawaru
 17325 | Lair:5   | Reached XP level 15. HP: 51/96 MP: 20/22
 17466 | Lair:5   | Identified the +0 chain mail of Gozag's Regard {rPois rN+
                  | Str+2 Slay-5}
 17486 | Lair:5   | 17486 ||| Stepping ~*~*~tactically~*~*~ (stealth).
 17502 | Lair:5   | 17502 ||| PLANNING D
 17868 | D:12     | 17868 ||| Stepping ~*~*~tactically~*~*~ (hiding).
 17916 | D:12     | Found a staircase to the Orcish Mines.
 17929 | D:12     | 17929 ||| INVOKING Heroism.
 18019 | D:12     | 18019 ||| Stepping ~*~*~tactically~*~*~ (stealth).
 18021 | D:12     | 18021 ||| Stepping ~*~*~tactically~*~*~ (stealth).
 18049 | D:12     | 18049 ||| Stepping ~*~*~tactically~*~*~ (stealth).
 18050 | D:12     | 18050 ||| Stepping ~*~*~tactically~*~*~ (stealth).
 18057 | D:12     | 18057 ||| Stepping ~*~*~tactically~*~*~ (stealth).
 18264 | D:12     | 18264 ||| Stepping ~*~*~tactically~*~*~ (stealth).
 18377 | D:12     | Identified the +4 scimitar of Elledim {flame, rElec rF+
                  | Will- Int+4} (Okawaru gifted it to you on level 12 of the
                  | Dungeon)
 18377 | D:12     | Received a gift from Okawaru
 18568 | D:12     | 18568 ||| READING scroll labelled LELIYD XECAISH.
 18680 | D:13     | 18680 ||| Stepping ~*~*~tactically~*~*~ (hiding).
 18681 | D:13     | 18681 ||| Stepping ~*~*~tactically~*~*~ (hiding).
 18682 | D:13     | 18682 ||| Stepping ~*~*~tactically~*~*~ (hiding).
 19023 | D:13     | 19023 ||| Stepping ~*~*~tactically~*~*~ (hiding).
 19025 | D:13     | 19025 ||| Stepping ~*~*~tactically~*~*~ (hiding).
 19027 | D:13     | 19027 ||| Stepping ~*~*~tactically~*~*~ (hiding).
 19028 | D:13     | 19028 ||| Stepping ~*~*~tactically~*~*~ (hiding).
 19151 | D:13     | 19151 ||| INVOKING Heroism.
 19152 | D:13     | 19152 ||| INVOKING Finesse.
 19157 | D:13     | 19157 ||| SWAPPING to +0 morningstar.
 19160 | D:13     | 19160 ||| SWAPPING to +2 war axe.
 19463 | D:14     | 19463 ||| Stepping ~*~*~tactically~*~*~ (hiding).
 19607 | D:14     | 19607 ||| Stepping ~*~*~tactically~*~*~ (hiding).
 19746 | D:14     | 19746 ||| INVOKING Heroism.
 19887 | D:14     | 19887 ||| SWAPPING to +0 broad axe.
 19908 | D:14     | 19908 ||| INVOKING Heroism.
 20026 | D:14     | 20026 ||| DROPPING +2 war axe.
 20186 | D:14     | 20186 ||| Stepping ~*~*~tactically~*~*~ (stealth).
 20197 | D:14     | 20197 ||| INVOKING Heroism.
 20458 | D:14     | 20458 ||| FLEEEEING.
 20534 | D:14     | 20534 ||| Stepping ~*~*~tactically~*~*~ (stealth).
 20537 | D:14     | 20537 ||| Stepping ~*~*~tactically~*~*~ (stealth).
 20539 | D:14     | 20539 ||| Stepping ~*~*~tactically~*~*~ (stealth).
 20563 | D:14     | 20563 ||| Stepping ~*~*~tactically~*~*~ (stealth).
 20564 | D:14     | 20564 ||| Stepping ~*~*~tactically~*~*~ (stealth).
 20565 | D:14     | 20565 ||| Stepping ~*~*~tactically~*~*~ (stealth).
 20596 | D:14     | Received a gift from Okawaru
 20627 | D:14     | 20627 ||| FLEEEEING.
 20628 | D:14     | 20628 ||| FLEEEEING.
 20629 | D:14     | 20629 ||| FLEEEEING.
 20630 | D:14     | 20630 ||| FLEEEEING.
 20632 | D:14     | 20632 ||| FLEEEEING.
 20633 | D:14     | 20633 ||| FLEEEEING.
 20634 | D:14     | 20634 ||| FLEEEEING.
 20635 | D:14     | 20635 ||| FLEEEEING.
 20661 | D:14     | 20661 ||| INVOKING Heroism.
 21090 | D:14     | Found a stormy altar of Qazlal.
 21377 | D:14     | Found a gate to the Vaults.
 21379 | D:14     | 21379 ||| Stepping ~*~*~tactically~*~*~ (hiding).
 21380 | D:14     | 21380 ||| Stepping ~*~*~tactically~*~*~ (hiding).
 21382 | D:14     | 21382 ||| Stepping ~*~*~tactically~*~*~ (hiding).
 21516 | D:14     | 21516 ||| DRINKING 2 pink potions.
 21517 | D:14     | 21517 ||| DROPPING potion of degeneration.
 21540 | D:15     | Entered Level 15 of the Dungeon
 21570 | D:15     | 21570 ||| Stepping ~*~*~tactically~*~*~ (stealth).
 21669 | D:15     | 21669 ||| Stepping ~*~*~tactically~*~*~ (hiding).
 21672 | D:15     | 21672 ||| Stepping ~*~*~tactically~*~*~ (hiding).
 21673 | D:15     | 21673 ||| Stepping ~*~*~tactically~*~*~ (hiding).
 21674 | D:15     | 21674 ||| Stepping ~*~*~tactically~*~*~ (hiding).
 21675 | D:15     | 21675 ||| Stepping ~*~*~tactically~*~*~ (hiding).
 21680 | D:15     | Received a gift from Okawaru
 21681 | D:15     | 21681 ||| Stepping ~*~*~tactically~*~*~ (hiding).
 21733 | D:15     | Found a staircase to the Depths.
 21734 | D:15     | 21734 ||| INVOKING Heroism.
 21836 | D:15     | 21836 ||| INVOKING Heroism.
 22011 | D:15     | Reached skill level 6 in Throwing
 22011 | D:15     | 22011 ||| Stepping ~*~*~tactically~*~*~ (hiding).
 22019 | D:15     | Reached skill level 15 in Armour
 22133 | D:15     | Found a frozen archway.
 22279 | D:15     | Noticed Azrael
 22280 | D:15     | 22280 ||| INVOKING Heroism.
 22281 | D:15     | 22281 ||| INVOKING Finesse.
 22335 | D:15     | Killed Azrael
 22463 | D:15     | 22463 ||| INVOKING Heroism.
 22706 | D:15     | 22706 ||| PLANNING ORC
 22706 | D:15     | 22706 ||| READING 8 scrolls of identify.
 22706 | D:15     | 22706 ||| IDENTIFYING murky silvery potion
 22804 | Orc:1    | Entered Level 1 of the Orcish Mines
 22807 | Orc:1    | Noticed Josephine
 22818 | Orc:1    | 22818 ||| INVOKING Heroism.
 22822 | Orc:1    | Killed Josephine
 22827 | Orc:1    | Paralysed by an orc sorcerer for 2 turns
 22916 | Orc:1    | 22916 ||| INVOKING Heroism.
 22924 | Orc:1    | 22924 ||| DRINKING 7 potions of curing.
 22924 | Orc:1    | 22924 ||| (to cure confusion)
 22926 | Orc:1    | 22926 ||| DRINKING 6 potions of curing.
 22926 | Orc:1    | 22926 ||| (to cure confusion)
 23187 | Orc:2    | Entered Level 2 of the Orcish Mines
 23187 | Orc:2    | Found Ripnac's Distillery.
 23274 | Orc:1    | Found Vuah Ade's Magic Scroll Emporium.
 23275 | Orc:1    | 23275 ||| INVOKING Heroism.
 23319 | Orc:1    | 23319 ||| Stepping ~*~*~tactically~*~*~ (stealth).
 23348 | Orc:1    | 23348 ||| Stepping ~*~*~tactically~*~*~ (stealth).
 23353 | Orc:1    | 23353 ||| BUYING 3 scrolls of teleportation (117 gold).
 23353 | Orc:1    | Bought 3 scrolls of teleportation for 117 gold pieces
 23353 | Orc:1    | 23353 ||| BUYING scroll of brand weapon (123 gold).
 23353 | Orc:1    | Bought a scroll of brand weapon for 123 gold pieces
 23353 | Orc:1    | 23353 ||| BUYING scroll of enchant armour (97 gold).
 23353 | Orc:1    | Bought a scroll of enchant armour for 97 gold pieces
 23353 | Orc:1    | 23353 ||| BUYING scroll of enchant armour (97 gold).
 23353 | Orc:1    | Bought a scroll of enchant armour for 97 gold pieces
 23353 | Orc:1    | 23353 ||| BUYING scroll of teleportation (39 gold).
 23353 | Orc:1    | Bought a scroll of teleportation for 39 gold pieces
 23364 | Orc:1    | 23364 ||| READING scroll of brand weapon.
 23364 | Orc:1    | 23364 ||| BRANDING +0 broad axe.
 23365 | Orc:1    | 23365 ||| READING 2 scrolls of enchant armour.
 23365 | Orc:1    | 23365 ||| ENCHANTING +1 pair of gloves.
 23366 | Orc:1    | 23366 ||| READING scroll of enchant armour.
 23366 | Orc:1    | 23366 ||| ENCHANTING +1 helmet.
 23474 | Orc:2    | Found Sushra Xeest's Weapon Shop.
 23549 | Orc:2    | 23549 ||| INVOKING Heroism.
 23570 | Orc:2    | 23570 ||| Stepping ~*~*~tactically~*~*~ (hiding).
 23601 | Orc:2    | 23601 ||| Stepping ~*~*~tactically~*~*~ (stealth).
 23602 | Orc:2    | 23602 ||| Stepping ~*~*~tactically~*~*~ (stealth).
 23638 | Orc:2    | Found Hyunupaw's Magic Scroll Emporium.
 23647 | Orc:2    | 23647 ||| BUYING scroll of teleportation (51 gold).
 23647 | Orc:2    | Bought a scroll of teleportation for 51 gold pieces
 23647 | Orc:2    | 23647 ||| BUYING scroll of teleportation (51 gold).
 23647 | Orc:2    | Bought a scroll of teleportation for 51 gold pieces
 23647 | Orc:2    | 23647 ||| BUYING scroll of teleportation (51 gold).
 23647 | Orc:2    | Bought a scroll of teleportation for 51 gold pieces
 23674 | Orc:2    | Reached XP level 16. HP: 76/101 MP: 23/23
 23804 | Orc:2    | 23804 ||| INVOKING Heroism.
 23812 | Orc:2    | Paralysed by an orc sorcerer for 4 turns
 24051 | Orc:2    | 24051 ||| Stepping ~*~*~tactically~*~*~ (hiding).
 24052 | Orc:2    | 24052 ||| INVOKING Heroism.
 24057 | Orc:2    | Received a gift from Okawaru
 24117 | Orc:2    | Found Duroph's Antique Weapon Boutique.
 24137 | Orc:2    | 24137 ||| INVOKING Heroism.
 24139 | Orc:2    | 24139 ||| Stepping ~*~*~tactically~*~*~ (hiding).
 24209 | Orc:2    | Found Plog's General Store.
 24211 | Orc:2    | Found Huabihis's Antique Weapon Shoppe.
 24222 | Orc:2    | 24222 ||| BUYING scroll of identify (34 gold).
 24222 | Orc:2    | Bought a scroll of identify for 34 gold pieces
 24248 | Orc:2    | Found Nugulenteg's General Store.
 24249 | Orc:2    | 24249 ||| INVOKING Heroism.
 24320 | Orc:2    | 24320 ||| BUYING potion of attraction (36 gold).
 24320 | Orc:2    | Bought a potion of attraction for 36 gold pieces
 24320 | Orc:2    | 24320 ||| BUYING potion of heal wounds (60 gold).
 24320 | Orc:2    | Bought a potion of heal wounds for 60 gold pieces
 24320 | Orc:2    | 24320 ||| BUYING ring of protection from cold (300 gold).
 24320 | Orc:2    | Bought a ring of protection from cold for 300 gold pieces
 24402 | Orc:2    | Found Kuashran's Assorted Antiques.
 24428 | Orc:2    | 24428 ||| BUYING potion of might (96 gold).
 24428 | Orc:2    | Bought a potion of might for 96 gold pieces
 24428 | Orc:2    | 24428 ||| BUYING potion of mutation (192 gold).
 24428 | Orc:2    | Bought a potion of mutation for 192 gold pieces
 24428 | Orc:2    | 24428 ||| BUYING scroll of teleportation (72 gold).
 24428 | Orc:2    | Bought a scroll of teleportation for 72 gold pieces
 24469 | Orc:2    | 24469 ||| BUYING potion of curing (39 gold).
 24469 | Orc:2    | Bought a potion of curing for 39 gold pieces
 24469 | Orc:2    | 24469 ||| BUYING potion of curing (39 gold).
 24469 | Orc:2    | Bought a potion of curing for 39 gold pieces
 24469 | Orc:2    | 24469 ||| BUYING potion of curing (39 gold).
 24469 | Orc:2    | Bought a potion of curing for 39 gold pieces
 24469 | Orc:2    | 24469 ||| BUYING potion of curing (39 gold).
 24469 | Orc:2    | Bought a potion of curing for 39 gold pieces
 24469 | Orc:2    | 24469 ||| BUYING potion of heal wounds (65 gold).
 24469 | Orc:2    | Bought a potion of heal wounds for 65 gold pieces
 24469 | Orc:2    | 24469 ||| BUYING potion of lignification (39 gold).
 24469 | Orc:2    | Bought a potion of lignification for 39 gold pieces
 24469 | Orc:2    | 24469 ||| BUYING potion of lignification (39 gold).
 24469 | Orc:2    | Bought a potion of lignification for 39 gold pieces
 24469 | Orc:2    | 24469 ||| BUYING potion of might (52 gold).
 24469 | Orc:2    | Bought a potion of might for 52 gold pieces
 24469 | Orc:2    | Found a staircase to the Elven Halls.
 24471 | Orc:2    | Found Nautt's Needful Niceties.
 24644 | Orc:2    | 24644 ||| PLANNING SPIDER:1-3
 24790 | Spider:1 | Entered Level 1 of the Spider Nest
 24811 | Spider:1 | 24811 ||| INVOKING Heroism.
 25012 | Spider:1 | 25012 ||| INVOKING Heroism.
 25262 | Spider:1 | 25262 ||| Stepping ~*~*~tactically~*~*~ (stealth).
 25266 | Spider:1 | Reached skill level 13 in Fighting
 25270 | Spider:1 | Received a gift from Okawaru
 25298 | Spider:1 | Reached skill level 3 in Dodging
 25565 | Spider:1 | Noticed Louise
 25567 | Spider:1 | 25567 ||| INVOKING Heroism.
 25567 | Abyss:2  | Cast into level 2 of the Abyss (Louise)
 25579 | Abyss:2  | Noticed a bone dragon
 25580 | Abyss:2  | 25580 ||| Stepping ~*~*~tactically~*~*~ (stealth).
 25599 | Abyss:2  | 25599 ||| Stepping ~*~*~tactically~*~*~ (stealth).
 25614 | Abyss:2  | 25614 ||| Stepping ~*~*~tactically~*~*~ (hiding).
 25616 | Abyss:2  | Gained mutation: Your body sometimes deteriorates upon
                  | taking damage. [a neqoxec]
 25618 | Abyss:2  | Gained mutation: You sometimes lose your temper in combat.
                  | [a neqoxec]
 25653 | Abyss:2  | 25653 ||| Stepping ~*~*~tactically~*~*~ (stealth).
 25655 | Abyss:2  | 25655 ||| Stepping ~*~*~tactically~*~*~ (stealth).
 25656 | Abyss:2  | 25656 ||| Stepping ~*~*~tactically~*~*~ (stealth).
 25657 | Abyss:2  | 25657 ||| Stepping ~*~*~tactically~*~*~ (stealth).
 25658 | Abyss:2  | 25658 ||| Stepping ~*~*~tactically~*~*~ (stealth).
 25663 | Abyss:2  | 25663 ||| Stepping ~*~*~tactically~*~*~ (stealth).
 25664 | Abyss:2  | 25664 ||| Stepping ~*~*~tactically~*~*~ (stealth).
 25665 | Abyss:2  | 25665 ||| Stepping ~*~*~tactically~*~*~ (stealth).
 25761 | Abyss:2  | 25761 ||| DRINKING 3 potions of mutation.
 25761 | Abyss:2  | Lost mutation: You sometimes lose your temper in combat.
                  | [potion of mutation]
 25761 | Abyss:2  | Lost mutation: Your body sometimes deteriorates upon taking
                  | damage. [potion of mutation]
 25761 | Abyss:2  | Gained mutation: You expend magic power (3 MP) to
                  | strengthen your wands. [potion of mutation]
 25765 | Abyss:2  | 25765 ||| Stepping ~*~*~tactically~*~*~ (stealth).
 25787 | Abyss:2  | 25787 ||| Stepping ~*~*~tactically~*~*~ (stealth).
 25794 | Abyss:2  | 25794 ||| Stepping ~*~*~tactically~*~*~ (stealth).
 25811 | Abyss:2  | 25811 ||| Stepping ~*~*~tactically~*~*~ (stealth).
 25827 | Abyss:2  | 25827 ||| INVOKING Heroism.
 25839 | Abyss:2  | 25839 ||| Stepping ~*~*~tactically~*~*~ (stealth).
 25846 | Abyss:2  | 25846 ||| Stepping ~*~*~tactically~*~*~ (stealth).
 25914 | Abyss:2  | 25914 ||| Stepping ~*~*~tactically~*~*~ (stealth).
 25916 | Abyss:2  | 25916 ||| Stepping ~*~*~tactically~*~*~ (stealth).
 25918 | Abyss:2  | 25918 ||| Stepping ~*~*~tactically~*~*~ (stealth).
 25922 | Abyss:2  | Paralysed by you for 3 turns
 26070 | Abyss:2  | 26070 ||| Stepping ~*~*~tactically~*~*~ (hiding).
 26075 | Abyss:2  | Received a gift from Okawaru
 26101 | Abyss:2  | 26101 ||| INVOKING Heroism.
 26175 | Abyss:2  | 26175 ||| Stepping ~*~*~tactically~*~*~ (hiding).
 26184 | Abyss:2  | 26184 ||| INVOKING Heroism.
 26191 | Spider:1 | Escaped the Abyss
 26192 | Spider:1 | 26192 ||| INVOKING Finesse.
 26204 | Spider:1 | Killed Louise
 26622 | Spider:1 | 26622 ||| UPGRADING to +0 tower shield.
 26632 | Spider:1 | 26632 ||| DROPPING +0 buckler.
 26633 | Spider:1 | 26633 ||| READING scroll labelled WULEEH IJOAWUS.
 26674 | Spider:2 | 26674 ||| DRINKING 9 potions of curing.
 26674 | Spider:2 | 26674 ||| (to cure confusion)
 26678 | Spider:2 | 26678 ||| INVOKING Heroism.
 26896 | Spider:2 | 26896 ||| Stepping ~*~*~tactically~*~*~ (hiding).
 26906 | Spider:2 | Reached skill level 9 in Shields
 26978 | Spider:2 | Noticed Nikola
 26979 | Spider:2 | 26979 ||| INVOKING Heroism.
 26988 | Spider:2 | Received a gift from Okawaru
 26994 | Spider:2 | Killed Nikola
 27025 | Spider:2 | 27025 ||| FLEEEEING.
 27085 | Spider:2 | Noticed Arachne
 27086 | Spider:2 | 27086 ||| INVOKING Heroism.
 27118 | Spider:2 | Killed Arachne
 27139 | Spider:2 | Received a gift from Okawaru
 27140 | Spider:2 | 27140 ||| Stepping ~*~*~tactically~*~*~ (stealth).
 27143 | Spider:2 | 27143 ||| Stepping ~*~*~tactically~*~*~ (stealth).
 27204 | Spider:2 | 27204 ||| INVOKING Heroism.
 27213 | Spider:2 | Reached XP level 17. HP: 108/108 MP: 22/24
 27229 | Spider:2 | 27229 ||| INVOKING Finesse.
 27719 | Spider:3 | 27719 ||| INVOKING Heroism.
 27791 | Spider:3 | 27791 ||| READING scroll of enchant weapon.
 27791 | Spider:3 | 27791 ||| ENCHANTING +0 broad axe of venom.
 27864 | Spider:3 | 27864 ||| Stepping ~*~*~tactically~*~*~ (hiding).
 27878 | Spider:3 | 27878 ||| INVOKING Heroism.
 27966 | Spider:3 | 27966 ||| INVOKING Heroism.
 27990 | Spider:3 | 27990 ||| INVOKING Heroism.
 27993 | Spider:3 | Reached skill level 12 in Shields
 28336 | Spider:3 | 28336 ||| PLANNING SHOALS:1-3
 28427 | Shoals:1 | Entered Level 1 of the Shoals
 28526 | Shoals:1 | 28526 ||| Stepping ~*~*~tactically~*~*~ (stealth).
 28527 | Shoals:1 | 28527 ||| Stepping ~*~*~tactically~*~*~ (stealth).
 28528 | Shoals:1 | 28528 ||| Stepping ~*~*~tactically~*~*~ (stealth).
 28532 | Shoals:1 | 28532 ||| Stepping ~*~*~tactically~*~*~ (stealth).
 28534 | Shoals:1 | 28534 ||| Stepping ~*~*~tactically~*~*~ (hiding).
 28535 | Shoals:1 | 28535 ||| Stepping ~*~*~tactically~*~*~ (hiding).
 28540 | Shoals:1 | 28540 ||| INVOKING Heroism.
 28562 | Shoals:1 | Received a gift from Okawaru
 28595 | Shoals:1 | 28595 ||| FLEEEEING.
 28596 | Shoals:1 | 28596 ||| FLEEEEING.
 28597 | Shoals:1 | 28597 ||| FLEEEEING.
 28599 | Shoals:1 | 28599 ||| FLEEEEING.
 28600 | Shoals:1 | 28600 ||| FLEEEEING.
 28601 | Shoals:1 | 28601 ||| FLEEEEING.
 28602 | Shoals:1 | 28602 ||| STAIRDANCE
 28757 | Shoals:1 | 28757 ||| Stepping ~*~*~tactically~*~*~ (hiding).
 28758 | Shoals:1 | 28758 ||| Stepping ~*~*~tactically~*~*~ (hiding).
 28879 | Shoals:1 | Received a gift from Okawaru
 28918 | Shoals:1 | 28918 ||| Stepping ~*~*~tactically~*~*~ (hiding).
 29032 | Shoals:1 | Noticed Aizul
 29033 | Shoals:1 | 29033 ||| INVOKING Heroism.
 29034 | Shoals:1 | 29034 ||| INVOKING Finesse.
 29062 | Shoals:1 | Killed Aizul
 29153 | Shoals:1 | 29153 ||| Stepping ~*~*~tactically~*~*~ (hiding).
 29156 | Shoals:1 | 29156 ||| Stepping ~*~*~tactically~*~*~ (hiding).
 29263 | Shoals:1 | 29263 ||| Stepping ~*~*~tactically~*~*~ (hiding).
 29672 | Shoals:1 | 29672 ||| READING 15 scrolls of identify.
 29672 | Shoals:1 | 29672 ||| IDENTIFYING silvery potion
 29691 | Shoals:2 | Identified the +7 gold dragon scales of Valour {*Slow rPois
                  | rF+ rC+ rN+ Str+5} (Okawaru gifted it to you on level 2 of
                  | the Shoals)
 29691 | Shoals:2 | Received a gift from Okawaru
 29725 | Shoals:2 | Found a gateway to a bazaar.
 29726 | Shoals:2 | 29726 ||| PLANNING BAZAAR
 29726 | Shoals:2 | 29726 ||| UPGRADING to +7 gold dragon scales of Valour
                  | {*Slow rPois rF+ rC+ rN+ Str+5}.
 29736 | Shoals:2 | 29736 ||| DROPPING +2 crystal plate armour of Morality {Fly
                  | Will- Str+3}.
 29745 | Bazaar   | Entered a bazaar
 29748 | Bazaar   | Found Vufiuh's Armour Shop.
 29788 | Bazaar   | Found Jucra Gero's Magic Scroll Boutique.
 29788 | Bazaar   | Found Feledulo's Distillery.
 29795 | Bazaar   | 29795 ||| BUYING potion of cancellation (136 gold).
 29795 | Bazaar   | Bought a potion of cancellation for 136 gold pieces
 29795 | Bazaar   | 29795 ||| BUYING potion of curing (51 gold).
 29795 | Bazaar   | Bought a potion of curing for 51 gold pieces
 29795 | Bazaar   | 29795 ||| BUYING potion of curing (51 gold).
 29795 | Bazaar   | Bought a potion of curing for 51 gold pieces
 29795 | Bazaar   | 29795 ||| BUYING potion of enlightenment (85 gold).
 29795 | Bazaar   | Bought a potion of enlightenment for 85 gold pieces
 29815 | Bazaar   | Found Jyophu's Distillery.
 29822 | Bazaar   | 29822 ||| BUYING potion of cancellation (96 gold).
 29822 | Bazaar   | Bought a potion of cancellation for 96 gold pieces
 29822 | Bazaar   | 29822 ||| BUYING potion of curing (36 gold).
 29822 | Bazaar   | Bought a potion of curing for 36 gold pieces
 29833 | Shoals:2 | 29833 ||| PLANNING SHOALS:1-3
 29863 | Shoals:2 | 29863 ||| INVOKING Heroism.
 29933 | Shoals:2 | 29933 ||| INVOKING Heroism.
 29934 | Shoals:2 | 29934 ||| INVOKING Finesse.
 30267 | Shoals:2 | Reached skill level 15 in Shields
 30659 | Shoals:3 | 30659 ||| INVOKING Heroism.
 30712 | Shoals:3 | HP: 26/108 [merfolk/+0 spear[a merfolk impaler] (7)]
 30713 | Shoals:3 | 30713 ||| READING 12 scrolls of teleportation.
 30714 | Shoals:3 | 30714 ||| DRINKING 5 potions of heal wounds.
 30715 | Shoals:3 | 30715 ||| INVOKING Heroism.
 30722 | Shoals:3 | 30722 ||| FLEEEEING.
 30794 | Shoals:3 | 30794 ||| FLEEEEING.
 30799 | Shoals:3 | 30799 ||| STAIRDANCE
 30876 | Shoals:3 | Found a basalt altar of Yredelemnul.
 31254 | Shoals:3 | 31254 ||| INVOKING Heroism.
 31373 | Shoals:3 | Reached XP level 18. HP: 105/114 MP: 25/25
 31417 | Shoals:3 | 31417 ||| DROPPING +0 morningstar.
 31421 | Shoals:3 | Found Hifopnib's Antique Armour Shop.
 31425 | Shoals:3 | 31425 ||| Stepping ~*~*~tactically~*~*~ (stealth).
 31822 | Shoals:3 | 31822 ||| READING scroll of enchant weapon.
 31822 | Shoals:3 | 31822 ||| ENCHANTING +1 broad axe of venom.
 31946 | Shoals:3 | 31946 ||| PLANNING SPIDER:4
 32084 | Spider:4 | Entered Level 4 of the Spider Nest
 32097 | Spider:4 | 32097 ||| Stepping ~*~*~tactically~*~*~ (stealth).
 32113 | Spider:4 | 32113 ||| Stepping ~*~*~tactically~*~*~ (stealth).
 32214 | Spider:4 | 32214 ||| Stepping ~*~*~tactically~*~*~ (stealth).
 32215 | Spider:4 | 32215 ||| Stepping ~*~*~tactically~*~*~ (stealth).
 32217 | Spider:4 | 32217 ||| Stepping ~*~*~tactically~*~*~ (stealth).
 32367 | Spider:4 | 32367 ||| INVOKING Heroism.
 32458 | Spider:4 | 32458 ||| Stepping ~*~*~tactically~*~*~ (hiding).
 32460 | Spider:4 | 32460 ||| INVOKING Heroism.
 32461 | Spider:4 | 32461 ||| Stepping ~*~*~tactically~*~*~ (hiding).
 32467 | Spider:4 | 32467 ||| INVOKING Finesse.
 32512 | Spider:4 | 32512 ||| INVOKING Heroism.
 32560 | Spider:4 | 32560 ||| Stepping ~*~*~tactically~*~*~ (stealth).
 32562 | Spider:4 | 32562 ||| INVOKING Heroism.
 32566 | Spider:4 | 32566 ||| DRINKING 12 potions of curing.
 32566 | Spider:4 | 32566 ||| (to cure confusion)
 32628 | Spider:4 | 32628 ||| Stepping ~*~*~tactically~*~*~ (stealth).
 32638 | Spider:4 | 32638 ||| INVOKING Heroism.
 32670 | Spider:4 | 32670 ||| Stepping ~*~*~tactically~*~*~ (stealth).
 32707 | Spider:4 | 32707 ||| Stepping ~*~*~tactically~*~*~ (hiding).
 32709 | Spider:4 | 32709 ||| INVOKING Heroism.
 32855 | Spider:4 | Identified the +2 robe "Paesew" {Stlth+}
 32987 | Spider:4 | 32987 ||| Stepping ~*~*~tactically~*~*~ (hiding).
 33010 | Spider:4 | 33010 ||| INVOKING Heroism.
 33231 | Spider:4 | 33231 ||| Stepping ~*~*~tactically~*~*~ (stealth).
 33382 | Spider:4 | 33382 ||| INVOKING Heroism.
 33394 | Spider:4 | 33394 ||| Stepping ~*~*~tactically~*~*~ (stealth).
 33396 | Spider:4 | Reached skill level 18 in Axes
 33464 | Spider:4 | 33464 ||| INVOKING Heroism.
 33475 | Spider:4 | Received a gift from Okawaru
 33586 | Spider:4 | 33586 ||| SWAPPING to +4 heavy broad axe.
 33587 | Spider:4 | 33587 ||| DROPPING +2 broad axe of venom.
 33611 | Spider:4 | Got a gossamer rune of Zot
 33667 | Spider:4 | 33667 ||| INVOKING Heroism.
 33900 | Spider:4 | Noticed Roxanne
 33901 | Spider:4 | 33901 ||| INVOKING Heroism.
 33902 | Spider:4 | 33902 ||| INVOKING Finesse.
 33911 | Spider:4 | Killed Roxanne
 33997 | Spider:4 | 33997 ||| PLANNING VAULTS:1-4
 33997 | Spider:4 | 33997 ||| DROPPING -2 hat.
 34234 | Vaults:1 | Entered Level 1 of the Vaults
 34235 | Vaults:1 | 34235 ||| PLANNING WIZLAB
 34240 | Vaults:1 | 34240 ||| INVOKING Heroism.
 34355 | Vaults:1 | 34355 ||| INVOKING Finesse.
 34423 | Vaults:1 | Reached skill level 14 in Fighting
 34484 | Vaults:1 | Found a huge runed gate.
 34484 | Vaults:1 | Found a huge runed gate.
 34484 | Vaults:1 | Found a huge runed gate.
 34484 | Vaults:1 | Found a huge runed gate.
 34484 | Vaults:1 | Found a huge runed gate.
 34491 | Vaults:1 | Found a huge runed gate.
 34491 | Vaults:1 | Found a huge runed gate.
 34491 | Vaults:1 | Found a huge runed gate.
 34491 | Vaults:1 | Found a huge runed gate.
 34493 | Vaults:1 | Found a huge runed gate.
 34493 | Vaults:1 | Found a huge runed gate.
 34493 | Vaults:1 | Found a huge runed gate.
 34493 | Vaults:1 | Found a huge runed gate.
 34493 | Vaults:1 | Found a huge runed gate.
 34493 | Vaults:1 | Found a huge runed gate.
 34494 | Vaults:1 | Found a huge runed gate.
 34495 | Vaults:1 | Found a huge runed gate.
 34496 | Vaults:1 | Found a huge runed gate.
 34504 | Vaults:1 | Found a huge runed gate.
 34504 | Vaults:1 | Found a huge runed gate.
 34504 | Vaults:1 | Found a huge runed gate.
 34504 | Vaults:1 | Found a huge runed gate.
 34504 | Vaults:1 | Found a huge runed gate.
 34504 | Vaults:1 | Found a huge runed gate.
 34505 | Vaults:1 | Found a huge runed gate.
 34506 | Vaults:1 | Found a huge runed gate.
 34507 | Vaults:1 | Found a huge runed gate.
 34515 | Vaults:1 | Found a huge runed gate.
 34515 | Vaults:1 | Found a huge runed gate.
 34515 | Vaults:1 | Found a huge runed gate.
 34515 | Vaults:1 | Found a huge runed gate.
 34515 | Vaults:1 | Found a huge runed gate.
 34515 | Vaults:1 | Found a huge runed gate.
 34516 | Vaults:1 | Found a huge runed gate.
 34526 | Vaults:1 | Reached skill level 18 in Shields
 34542 | Vaults:1 | 34542 ||| INVOKING Heroism.
 34690 | Vaults:1 | Found a huge runed gate.
 34691 | Vaults:1 | Found a huge runed gate.
 34862 | Vaults:1 | 34862 ||| RIP WIZLAB
 34877 | Vaults:1 | 34877 ||| PLANNING VAULTS:1-4
 34893 | Vaults:1 | 34893 ||| INVOKING Heroism.
 34898 | Vaults:1 | Reached skill level 15 in Fighting
 35073 | Vaults:1 | Reached XP level 19. HP: 107/124 MP: 26/26
 35081 | Vaults:1 | Received a gift from Okawaru
 35144 | Vaults:1 | 35144 ||| Stepping ~*~*~tactically~*~*~ (hiding).
 35145 | Vaults:1 | 35145 ||| Stepping ~*~*~tactically~*~*~ (hiding).
 35155 | Vaults:1 | 35155 ||| Stepping ~*~*~tactically~*~*~ (stealth).
 35262 | Vaults:1 | 35262 ||| Stepping ~*~*~tactically~*~*~ (stealth).
 35347 | Vaults:1 | 35347 ||| Stepping ~*~*~tactically~*~*~ (stealth).
 35527 | Vaults:1 | 35527 ||| Stepping ~*~*~tactically~*~*~ (hiding).
 35531 | Vaults:1 | 35531 ||| INVOKING Heroism.
 35532 | Vaults:1 | 35532 ||| INVOKING Finesse.
 35538 | Vaults:1 | Received a gift from Okawaru
 35857 | Vaults:1 | 35857 ||| DROPPING +6 ring of dexterity.
 35899 | Vaults:2 | 35899 ||| Stepping ~*~*~tactically~*~*~ (hiding).
 35960 | Vaults:2 | 35960 ||| Stepping ~*~*~tactically~*~*~ (hiding).
 35961 | Vaults:2 | 35961 ||| Stepping ~*~*~tactically~*~*~ (hiding).
 35965 | Vaults:2 | 35965 ||| Stepping ~*~*~tactically~*~*~ (hiding).
 36132 | Vaults:2 | 36132 ||| DRINKING 12 potions of curing.
 36132 | Vaults:2 | 36132 ||| (to cure confusion)
 36134 | Vaults:2 | 36134 ||| DRINKING 11 potions of curing.
 36134 | Vaults:2 | 36134 ||| (to cure confusion)
 36135 | Vaults:2 | 36135 ||| DRINKING 10 potions of curing.
 36135 | Vaults:2 | 36135 ||| (to cure confusion)
 36470 | Vaults:2 | 36470 ||| Stepping ~*~*~tactically~*~*~ (stealth).
 36472 | Vaults:2 | 36472 ||| Stepping ~*~*~tactically~*~*~ (stealth).
 36482 | Vaults:2 | Received a gift from Okawaru
 36527 | Vaults:2 | Noticed Saint Roka
 36528 | Vaults:2 | 36528 ||| INVOKING Heroism.
 36529 | Vaults:2 | 36529 ||| INVOKING Finesse.
 36557 | Vaults:2 | Killed Saint Roka
 36559 | Vaults:2 | 36559 ||| INVOKING Heroism.
 37082 | Vaults:2 | Received a gift from Okawaru
 37095 | Vaults:2 | Identified the +0 dagger of Jaut {holy, rC+ Str+6 Int+2}
 37150 | Vaults:2 | 37150 ||| Stepping ~*~*~tactically~*~*~ (hiding).
 37164 | Abyss:2  | Cast into level 2 of the Abyss (a wizard)
 37231 | Abyss:2  | 37231 ||| DRINKING 10 potions of curing.
 37231 | Abyss:2  | 37231 ||| (to cure confusion)
 37317 | Abyss:2  | Reached skill level 16 in Fighting
 37332 | Abyss:2  | 37332 ||| Stepping ~*~*~tactically~*~*~ (stealth).
 37334 | Abyss:2  | 37334 ||| Stepping ~*~*~tactically~*~*~ (hiding).
 37344 | Abyss:2  | 37344 ||| INVOKING Heroism.
 37368 | Abyss:2  | Received a gift from Okawaru
 37391 | Abyss:2  | 37391 ||| INVOKING Heroism.
 37394 | Abyss:2  | Gained mutation: You sometimes lose your temper in combat.
                  | [a cacodemon]
 37406 | Vaults:2 | Escaped the Abyss
 37482 | Vaults:2 | 37482 ||| DRINKING 5 potions of mutation.
 37482 | Vaults:2 | Lost mutation: You expend magic power (3 MP) to strengthen
                  | your wands. [potion of mutation]
 37482 | Vaults:2 | Lost mutation: You sometimes lose your temper in combat.
                  | [potion of mutation]
 37482 | Vaults:2 | Gained mutation: You passively map a small area around you.
                  | [potion of mutation]
 37482 | Vaults:2 | Gained mutation: Your body sometimes deteriorates upon
                  | taking damage. [potion of mutation]
 37482 | Vaults:2 | Gained mutation: You are partially covered in iridescent
                  | scales. (AC +2) [potion of mutation]
 37558 | Vaults:2 | 37558 ||| Stepping ~*~*~tactically~*~*~ (stealth).
 37567 | Vaults:2 | 37567 ||| FLEEEEING.
 37568 | Vaults:2 | 37568 ||| FLEEEEING.
 37569 | Vaults:2 | 37569 ||| FLEEEEING.
 37570 | Vaults:2 | 37570 ||| FLEEEEING.
 37736 | Vaults:2 | Identified the +2 helmet of Okawaru's Condemnation {+Inv
                  | rElec Int+3} (Okawaru gifted it to you on level 2 of the
                  | Vaults)
 37736 | Vaults:2 | Received a gift from Okawaru
 37739 | Vaults:2 | Reached XP level 20. HP: 95/131 MP: 27/27
 37907 | Vaults:2 | 37907 ||| Stepping ~*~*~tactically~*~*~ (stealth).
 37955 | Vaults:2 | 37955 ||| Stepping ~*~*~tactically~*~*~ (stealth).
 37957 | Vaults:2 | 37957 ||| Stepping ~*~*~tactically~*~*~ (stealth).
 37959 | Vaults:2 | 37959 ||| INVOKING Heroism.
 37960 | Vaults:2 | 37960 ||| Stepping ~*~*~tactically~*~*~ (hiding).
 37961 | Vaults:2 | 37961 ||| Stepping ~*~*~tactically~*~*~ (hiding).
 37962 | Vaults:2 | 37962 ||| Stepping ~*~*~tactically~*~*~ (hiding).
 38033 | Vaults:2 | Found a staircase to the Crypt.
 38046 | Vaults:2 | 38046 ||| DROPPING +2 helmet of Okawaru's Condemnation
                  | {+Inv rElec Int+3}.
 38047 | Vaults:2 | 38047 ||| UPGRADING to +2 tower shield.
 38057 | Vaults:2 | 38057 ||| DROPPING +0 tower shield.
 38058 | Vaults:2 | 38058 ||| DROPPING +1 pair of boots.
 38059 | Vaults:2 | 38059 ||| DROPPING amulet of regeneration.
 38060 | Vaults:2 | 38060 ||| READING 18 scrolls of identify.
 38060 | Vaults:2 | 38060 ||| IDENTIFYING fuming grey potion
 38061 | Vaults:2 | 38061 ||| DROPPING potion of berserk rage.
 38085 | Vaults:3 | 38085 ||| STAIRDANCE
 38254 | Vaults:3 | 38254 ||| Stepping ~*~*~tactically~*~*~ (stealth).
 38266 | Vaults:3 | 38266 ||| INVOKING Heroism.
 38272 | Vaults:3 | Noticed Donald
 38275 | Vaults:3 | Paralysed by a great orb of eyes for 5 turns
 38283 | Vaults:3 | Reached skill level 18 in Armour
 38286 | Vaults:3 | HP: 32/131 [Donald/+4 long sword of flaming (4)]
 38287 | Vaults:3 | 38287 ||| READING 11 scrolls of teleportation.
 38288 | Vaults:3 | Killed Donald
 38289 | Vaults:3 | 38289 ||| DRINKING 6 potions of heal wounds.
 38550 | Vaults:3 | Reached ****** piety under Okawaru
 38581 | Vaults:3 | 38581 ||| INVOKING Heroism.
 38583 | Vaults:3 | Reached skill level 17 in Fighting
 38586 | Vaults:3 | Received a gift from Okawaru
 38595 | Vaults:3 | 38595 ||| INVOKING Finesse.
 38786 | Vaults:3 | 38786 ||| SWAPPING to +2 vampiric war axe.
 38978 | Vaults:3 | Found Lieqin's Distillery.
 38987 | Vaults:3 | 38987 ||| BUYING 2 potions of enlightenment (160 gold).
 38987 | Vaults:3 | Bought 2 potions of enlightenment for 160 gold pieces
 38987 | Vaults:3 | 38987 ||| BUYING 3 potions of attraction (144 gold).
 38987 | Vaults:3 | Bought 3 potions of attraction for 144 gold pieces
 38987 | Vaults:3 | 38987 ||| BUYING potion of curing (48 gold).
 38987 | Vaults:3 | Bought a potion of curing for 48 gold pieces
 38987 | Vaults:3 | 38987 ||| BUYING potion of enlightenment (80 gold).
 38987 | Vaults:3 | Bought a potion of enlightenment for 80 gold pieces
 38987 | Vaults:3 | 38987 ||| BUYING potion of heal wounds (80 gold).
 38987 | Vaults:3 | Bought a potion of heal wounds for 80 gold pieces
 38987 | Vaults:3 | 38987 ||| BUYING potion of heal wounds (80 gold).
 38987 | Vaults:3 | Bought a potion of heal wounds for 80 gold pieces
 38987 | Vaults:3 | 38987 ||| BUYING potion of lignification (48 gold).
 38987 | Vaults:3 | Bought a potion of lignification for 48 gold pieces
 38987 | Vaults:3 | 38987 ||| BUYING potion of might (64 gold).
 38987 | Vaults:3 | Bought a potion of might for 64 gold pieces
 38987 | Vaults:3 | 38987 ||| BUYING potion of resistance (160 gold).
 38987 | Vaults:3 | Bought a potion of resistance for 160 gold pieces
 39093 | Vaults:3 | You are sucked into a shaft and drop 1 floor!
 39100 | Vaults:4 | Found Hyss's General Store.
 39108 | Vaults:4 | 39108 ||| BUYING potion of attraction (51 gold).
 39108 | Vaults:4 | Bought a potion of attraction for 51 gold pieces
 39108 | Vaults:4 | 39108 ||| BUYING potion of curing (51 gold).
 39108 | Vaults:4 | Bought a potion of curing for 51 gold pieces
 39108 | Vaults:4 | 39108 ||| BUYING scroll of acquirement (884 gold).
 39108 | Vaults:4 | Bought a scroll of acquirement for 884 gold pieces
 39108 | Vaults:4 | 39108 ||| READING scroll of acquirement.
 39108 | Vaults:4 | 39108 ||| ACQUIRING scarf "Zudups" {shadows, -Tele Will+
                  | rCorr MP+9 Slay+2}
 39108 | Vaults:4 | Acquired the scarf "Zudups" {shadows, -Tele Will+ rCorr
                  | MP+9 Slay+2}
 39245 | Vaults:4 | 39245 ||| INVOKING Heroism.
 39288 | Vaults:4 | 39288 ||| INVOKING Heroism.
 39298 | Vaults:4 | Reached skill level 18 in Fighting
 39571 | Vaults:4 | 39571 ||| Stepping ~*~*~tactically~*~*~ (hiding).
 39587 | Vaults:4 | 39587 ||| DRINKING 11 potions of curing.
 39587 | Vaults:4 | 39587 ||| (to cure confusion)
 39594 | Vaults:4 | Received a gift from Okawaru
 39611 | Vaults:4 | 39611 ||| INVOKING Heroism.
 39733 | Vaults:4 | 39733 ||| DROPPING ring of positive energy.
 39979 | Vaults:3 | 39979 ||| Stepping ~*~*~tactically~*~*~ (hiding).
 40103 | Vaults:3 | 40103 ||| Stepping ~*~*~tactically~*~*~ (hiding).
 40108 | Vaults:3 | 40108 ||| Stepping ~*~*~tactically~*~*~ (hiding).
 40557 | Vaults:4 | 40557 ||| INVOKING Heroism.
 40612 | Vaults:4 | Reached XP level 21. HP: 141/141 MP: 28/28
 40620 | Vaults:4 | 40620 ||| READING scroll of enchant weapon.
 40620 | Vaults:4 | 40620 ||| ENCHANTING +2 vampiric war axe.
 40628 | Vaults:4 | 40628 ||| Stepping ~*~*~tactically~*~*~ (stealth).
 40630 | Vaults:4 | 40630 ||| Stepping ~*~*~tactically~*~*~ (hiding).
 40642 | Vaults:4 | Received a gift from Okawaru
 40948 | Vaults:4 | 40948 ||| Stepping ~*~*~tactically~*~*~ (hiding).
 40949 | Vaults:4 | 40949 ||| Stepping ~*~*~tactically~*~*~ (hiding).
 40952 | Vaults:4 | 40952 ||| Stepping ~*~*~tactically~*~*~ (hiding).
 41023 | Vaults:4 | Found Kiyhomil's Magic Scroll Shop.
 41138 | Vaults:4 | 41138 ||| BUYING scroll of enchant armour (150 gold).
 41138 | Vaults:4 | Bought a scroll of enchant armour for 150 gold pieces
 41138 | Vaults:4 | 41138 ||| BUYING scroll of enchant armour (150 gold).
 41138 | Vaults:4 | Bought a scroll of enchant armour for 150 gold pieces
 41138 | Vaults:4 | 41138 ||| BUYING scroll of enchant armour (150 gold).
 41138 | Vaults:4 | Bought a scroll of enchant armour for 150 gold pieces
 41138 | Vaults:4 | 41138 ||| BUYING scroll of teleportation (60 gold).
 41138 | Vaults:4 | Bought a scroll of teleportation for 60 gold pieces
 41138 | Vaults:4 | 41138 ||| BUYING scroll of teleportation (60 gold).
 41138 | Vaults:4 | Bought a scroll of teleportation for 60 gold pieces
 41257 | Vaults:4 | Reached skill level 9 in Throwing
 41304 | Vaults:4 | Found Ukygh's Weapon Boutique.
 41328 | Vaults:4 | 41328 ||| PLANNING SHOALS:4
 41663 | Shoals:4 | Entered Level 4 of the Shoals
 41717 | Shoals:4 | 41717 ||| Stepping ~*~*~tactically~*~*~ (stealth).
 41720 | Shoals:4 | 41720 ||| Stepping ~*~*~tactically~*~*~ (hiding).
 41742 | Shoals:4 | 41742 ||| INVOKING Heroism.
 41743 | Shoals:4 | 41743 ||| INVOKING Finesse.
 41882 | Shoals:4 | 41882 ||| Stepping ~*~*~tactically~*~*~ (hiding).
 41883 | Shoals:4 | 41883 ||| Stepping ~*~*~tactically~*~*~ (hiding).
 42030 | Shoals:4 | 42030 ||| Stepping ~*~*~tactically~*~*~ (hiding).
 42036 | Shoals:4 | 42036 ||| INVOKING Heroism.
 42037 | Shoals:4 | 42037 ||| INVOKING Finesse.
 42083 | Shoals:4 | Found the +0 mask of the Dragon {Will+ Slay+3 SInv}
 42142 | Shoals:4 | 42142 ||| INVOKING Heroism.
 42143 | Shoals:4 | 42143 ||| INVOKING Finesse.
 42412 | Shoals:4 | 42412 ||| Stepping ~*~*~tactically~*~*~ (hiding).
 42633 | Shoals:4 | 42633 ||| Stepping ~*~*~tactically~*~*~ (hiding).
 42640 | Shoals:4 | 42640 ||| Stepping ~*~*~tactically~*~*~ (hiding).
 42652 | Shoals:4 | Received a gift from Okawaru
 42657 | Shoals:4 | 42657 ||| INVOKING Heroism.
 42659 | Shoals:4 | 42659 ||| INVOKING Finesse.
 42731 | Shoals:4 | Got a barnacled rune of Zot
 42752 | Shoals:4 | 42752 ||| Stepping ~*~*~tactically~*~*~ (hiding).
 42801 | Shoals:4 | Identified the +2 battleaxe of Destruction {freeze, rF+}
 42832 | Shoals:4 | 42832 ||| PLANNING DEPTHS
 42832 | Shoals:4 | 42832 ||| UPGRADING to +0 mask of the Dragon {Will+ Slay+3
                  | SInv}.
 42842 | Shoals:4 | 42842 ||| REMOVING ring of see invisible.
 42843 | Shoals:4 | 42843 ||| DROPPING +2 helmet.
 42844 | Shoals:4 | 42844 ||| DROPPING ring of see invisible.
 42845 | Shoals:4 | 42845 ||| UPGRADING to +4 ring of slaying {mikee}.
 43070 | Depths:1 | Entered Level 1 of the Depths
 43115 | Depths:1 | Found Werasol's Armour Boutique.
 43170 | Depths:1 | Reached skill level 19 in Fighting
 43203 | Depths:1 | Found Qiozeq's Antique Armour Shoppe.
 43208 | Depths:1 | 43208 ||| INVOKING Heroism.
 43209 | Depths:1 | 43209 ||| INVOKING Finesse.
 43212 | Depths:1 | Received a gift from Okawaru
 43219 | Depths:1 | Found a one-way gateway to a ziggurat.
 43260 | Depths:1 | 43260 ||| INVOKING Heroism.
 43261 | Depths:1 | 43261 ||| INVOKING Finesse.
 43295 | Depths:1 | 43295 ||| INVOKING Heroism.
 43357 | Depths:1 | Found a broken altar of Ashenzari.
 43477 | Depths:1 | 43477 ||| BUYING glowing helmet (202 gold).
 43477 | Depths:1 | Bought a glowing helmet for 202 gold pieces
 43477 | Depths:1 | 43477 ||| BUYING pair of glowing gloves (202 gold).
 43477 | Depths:1 | Bought a pair of glowing gloves for 202 gold pieces
 43557 | Depths:1 | 43557 ||| INVOKING Heroism.
 43565 | Depths:1 | Received a gift from Okawaru
 43618 | Depths:1 | Found a gateway to Hell.
 44007 | Depths:1 | 44007 ||| DROPPING +2 helmet.
 44008 | Depths:1 | 44008 ||| DROPPING +1 pair of gloves.
 44031 | Depths:2 | 44031 ||| STAIRDANCE
 44114 | Depths:2 | Received a gift from Okawaru
 44173 | Depths:2 | 44173 ||| Stepping ~*~*~tactically~*~*~ (hiding).
 44241 | Depths:2 | 44241 ||| Stepping ~*~*~tactically~*~*~ (stealth).
 44244 | Depths:2 | 44244 ||| INVOKING Heroism.
 44245 | Depths:2 | 44245 ||| INVOKING Finesse.
 44321 | Depths:2 | 44321 ||| Stepping ~*~*~tactically~*~*~ (hiding).
 44322 | Depths:2 | 44322 ||| Stepping ~*~*~tactically~*~*~ (hiding).
 44454 | Depths:2 | 44454 ||| Stepping ~*~*~tactically~*~*~ (hiding).
 44471 | Depths:2 | 44471 ||| Stepping ~*~*~tactically~*~*~ (hiding).
 44473 | Depths:2 | 44473 ||| Stepping ~*~*~tactically~*~*~ (hiding).
 44540 | Depths:2 | Reached XP level 22. HP: 137/149 MP: 29/29
 44554 | Depths:2 | 44554 ||| Stepping ~*~*~tactically~*~*~ (hiding).
 44555 | Depths:2 | 44555 ||| Stepping ~*~*~tactically~*~*~ (hiding).
 44556 | Depths:2 | 44556 ||| Stepping ~*~*~tactically~*~*~ (hiding).
 44557 | Depths:2 | 44557 ||| Stepping ~*~*~tactically~*~*~ (hiding).
 44579 | Depths:2 | 44579 ||| INVOKING Finesse.
 44642 | Depths:2 | Noticed a golden dragon
 44643 | Depths:2 | 44643 ||| INVOKING Heroism.
 44644 | Depths:2 | 44644 ||| INVOKING Finesse.
 44658 | Depths:2 | Killed a golden dragon
 44678 | Depths:2 | Received a gift from Okawaru
 44685 | Depths:2 | 44685 ||| Stepping ~*~*~tactically~*~*~ (hiding).
 44703 | Depths:2 | 44703 ||| Stepping ~*~*~tactically~*~*~ (hiding).
 44763 | Depths:2 | 44763 ||| INVOKING Heroism.
 44781 | Depths:2 | 44781 ||| INVOKING Finesse.
 44841 | Depths:2 | 44841 ||| Stepping ~*~*~tactically~*~*~ (hiding).
 44919 | Depths:2 | 44919 ||| Stepping ~*~*~tactically~*~*~ (hiding).
 44920 | Depths:2 | 44920 ||| Stepping ~*~*~tactically~*~*~ (hiding).
 44981 | Depths:2 | 44981 ||| INVOKING Heroism.
 45137 | Depths:2 | Received a gift from Okawaru
 45209 | Depths:2 | 45209 ||| Stepping ~*~*~tactically~*~*~ (stealth).
 45250 | Depths:2 | 45250 ||| Stepping ~*~*~tactically~*~*~ (cloud).
 45315 | Depths:2 | 45315 ||| Stepping ~*~*~tactically~*~*~ (hiding).
 45316 | Depths:2 | 45316 ||| Stepping ~*~*~tactically~*~*~ (hiding).
 45338 | Depths:2 | 45338 ||| INVOKING Heroism.
 45343 | Depths:2 | Reached skill level 20 in Fighting
 45524 | Depths:2 | 45524 ||| Stepping ~*~*~tactically~*~*~ (stealth).
 45545 | Depths:2 | Received a gift from Okawaru
 45581 | Depths:2 | 45581 ||| INVOKING Heroism.
 45837 | Depths:2 | 45837 ||| INVOKING Heroism.
 45838 | Depths:2 | 45838 ||| INVOKING Finesse.
 45841 | Depths:2 | Found a one-way gate leading to the halls of Pandemonium.
 45847 | Depths:2 | 45847 ||| DRINKING 10 potions of curing.
 45847 | Depths:2 | 45847 ||| (to cure confusion)
 45855 | Depths:2 | 45855 ||| DRINKING 9 potions of curing.
 45855 | Depths:2 | 45855 ||| (to cure confusion)
 45944 | Depths:2 | 45944 ||| DRINKING 2 potions of experience.
 45944 | Depths:2 | Reached skill level 21 in Shields
 45944 | Depths:2 | Reached XP level 23. HP: 156/156 MP: 30/30
 45945 | Depths:2 | 45945 ||| DRINKING potion of experience.
 45945 | Depths:2 | Reached XP level 24. HP: 163/163 MP: 30/30
 46043 | Depths:2 | Noticed an ancient lich
 46044 | Depths:2 | 46044 ||| INVOKING Heroism.
 46055 | Depths:2 | Killed an ancient lich
 46130 | Depths:2 | 46130 ||| Stepping ~*~*~tactically~*~*~ (hiding).
 46154 | Depths:2 | 46154 ||| DRINKING potion of experience.
 46154 | Depths:2 | Reached skill level 21 in Armour
 46154 | Depths:2 | Reached XP level 25. HP: 168/168 MP: 30/30
 46313 | Depths:3 | 46313 ||| Stepping ~*~*~tactically~*~*~ (hiding).
 46316 | Depths:3 | 46316 ||| Stepping ~*~*~tactically~*~*~ (hiding).
 46318 | Depths:3 | 46318 ||| Stepping ~*~*~tactically~*~*~ (hiding).
 46319 | Depths:3 | 46319 ||| Stepping ~*~*~tactically~*~*~ (hiding).
 46362 | Depths:3 | 46362 ||| FLEEEEING.
 46363 | Depths:3 | 46363 ||| FLEEEEING.
 46366 | Depths:3 | 46366 ||| FLEEEEING.
 46367 | Depths:3 | 46367 ||| FLEEEEING.
 46368 | Depths:3 | 46368 ||| FLEEEEING.
 46375 | Depths:3 | 46375 ||| FLEEEEING.
 46376 | Depths:3 | 46376 ||| FLEEEEING.
 46377 | Depths:3 | 46377 ||| FLEEEEING.
 46378 | Depths:3 | 46378 ||| FLEEEEING.
 46379 | Depths:3 | 46379 ||| STAIRDANCE
 46451 | Depths:3 | 46451 ||| Stepping ~*~*~tactically~*~*~ (hiding).
 46480 | Depths:3 | 46480 ||| Stepping ~*~*~tactically~*~*~ (stealth).
 46498 | Depths:3 | Received a gift from Okawaru
 46501 | Depths:3 | 46501 ||| Stepping ~*~*~tactically~*~*~ (hiding).
 46504 | Depths:3 | 46504 ||| Stepping ~*~*~tactically~*~*~ (hiding).
 46505 | Depths:3 | 46505 ||| Stepping ~*~*~tactically~*~*~ (hiding).
 46508 | Depths:3 | 46508 ||| Stepping ~*~*~tactically~*~*~ (hiding).
 46536 | Depths:3 | 46536 ||| Stepping ~*~*~tactically~*~*~ (stealth).
 46561 | Depths:3 | 46561 ||| Stepping ~*~*~tactically~*~*~ (stealth).
 46564 | Depths:3 | 46564 ||| Stepping ~*~*~tactically~*~*~ (stealth).
 46574 | Depths:3 | 46574 ||| Stepping ~*~*~tactically~*~*~ (stealth).
 46598 | Depths:3 | 46598 ||| Stepping ~*~*~tactically~*~*~ (hiding).
 46607 | Depths:3 | Received a gift from Okawaru
 46723 | Depths:3 | 46723 ||| Stepping ~*~*~tactically~*~*~ (hiding).
 46725 | Depths:3 | 46725 ||| INVOKING Heroism.
 46728 | Depths:3 | Received a gift from Okawaru
 46734 | Depths:3 | Reached skill level 21 in Fighting
 46844 | Depths:3 | Found a transporter.
 46844 | Depths:3 | Noticed a juggernaut
 46860 | Depths:3 | Found a transporter.
 46965 | Depths:3 | 46965 ||| INVOKING Heroism.
 46966 | Depths:3 | 46966 ||| Stepping ~*~*~tactically~*~*~ (hiding).
 47082 | Depths:3 | Found a one-way gate to the infinite horrors of the Abyss.
 47352 | Depths:3 | 47352 ||| Stepping ~*~*~tactically~*~*~ (hiding).
 47353 | Depths:3 | 47353 ||| Stepping ~*~*~tactically~*~*~ (hiding).
 47492 | Depths:4 | Entered Level 4 of the Depths
 47509 | Depths:4 | 47509 ||| Stepping ~*~*~tactically~*~*~ (hiding).
 47542 | Depths:4 | Found a gate to the Realm of Zot.
 47543 | Depths:4 | 47543 ||| Stepping ~*~*~tactically~*~*~ (hiding).
 47552 | Depths:4 | Received a gift from Okawaru
 47553 | Depths:4 | 47553 ||| INVOKING Heroism.
 47611 | Depths:4 | 47611 ||| Stepping ~*~*~tactically~*~*~ (stealth).
 47621 | Depths:4 | Reached skill level 12 in Throwing
 47629 | Depths:4 | Received a gift from Okawaru
 47654 | Depths:4 | Found a runed translucent door.
 47657 | Depths:4 | Noticed qw's ghost (veteran GrFi)
 47688 | Depths:4 | 47688 ||| INVOKING Heroism.
 47721 | Depths:4 | Noticed Mennas
 47722 | Depths:4 | 47722 ||| INVOKING Finesse.
 47739 | Depths:4 | Killed Mennas
 47842 | Depths:4 | Found Geecamoso's Distillery.
 47849 | Depths:4 | 47849 ||| BUYING potion of attraction (69 gold).
 47849 | Depths:4 | Bought a potion of attraction for 69 gold pieces
 47849 | Depths:4 | 47849 ||| BUYING potion of curing (69 gold).
 47849 | Depths:4 | Bought a potion of curing for 69 gold pieces
 47849 | Depths:4 | 47849 ||| BUYING potion of enlightenment (115 gold).
 47849 | Depths:4 | Bought a potion of enlightenment for 115 gold pieces
 47849 | Depths:4 | 47849 ||| BUYING potion of heal wounds (115 gold).
 47849 | Depths:4 | Bought a potion of heal wounds for 115 gold pieces
 47849 | Depths:4 | 47849 ||| BUYING potion of mutation (184 gold).
 47849 | Depths:4 | Bought a potion of mutation for 184 gold pieces
 47857 | Depths:4 | 47857 ||| Stepping ~*~*~tactically~*~*~ (stealth).
 47860 | Depths:4 | Reached skill level 6 in Dodging
 48157 | Depths:4 | 48157 ||| INVOKING Heroism.
 48167 | Depths:4 | Reached XP level 26. HP: 170/177 MP: 29/30
 48355 | Depths:4 | 48355 ||| Stepping ~*~*~tactically~*~*~ (hiding).
 48356 | Depths:4 | 48356 ||| Stepping ~*~*~tactically~*~*~ (hiding).
 48474 | Depths:4 | 48474 ||| PLANNING VAULTS:5
 48484 | Depths:4 | 48484 ||| PLANNING DEPTHS
 48496 | Depths:4 | 48496 ||| PLANNING VAULTS:5
 48532 | Depths:4 | 48532 ||| PLANNING DEPTHS
 48570 | Depths:4 | 48570 ||| PLANNING VAULTS:5
 48599 | Depths:4 | 48599 ||| PLANNING DEPTHS
 48630 | Depths:4 | 48630 ||| PLANNING VAULTS:5
 48650 | Depths:4 | 48650 ||| PLANNING DEPTHS
 48672 | Depths:4 | 48672 ||| PLANNING VAULTS:5
 48697 | Depths:4 | 48697 ||| PLANNING DEPTHS
 48724 | Depths:4 | 48724 ||| PLANNING VAULTS:5
 48756 | Depths:4 | 48756 ||| PLANNING DEPTHS
 48790 | Depths:4 | 48790 ||| PLANNING VAULTS:5
 48837 | Depths:4 | 48837 ||| PLANNING DEPTHS
 48876 | Depths:4 | 48876 ||| PLANNING VAULTS:5
 48919 | Depths:4 | 48919 ||| PLANNING DEPTHS
 48963 | Depths:4 | 48963 ||| Stepping randomly (stuck).
 48964 | Depths:4 | 48964 ||| PLANNING VAULTS:5
 49164 | Vaults:5 | Entered Level 5 of the Vaults
 49180 | Vaults:5 | Received a gift from Okawaru
 49194 | Vaults:5 | 49194 ||| STAIRDANCE
 49231 | Vaults:5 | 49231 ||| INVOKING Heroism.
 49240 | Vaults:5 | Received a gift from Okawaru
 49266 | Vaults:5 | Received a gift from Okawaru
 49293 | Vaults:5 | 49293 ||| INVOKING Heroism.
 49306 | Vaults:5 | Reached skill level 22 in Fighting
 49322 | Vaults:5 | Received a gift from Okawaru
 49361 | Vaults:5 | 49361 ||| INVOKING Heroism.
 49391 | Vaults:5 | 49391 ||| Stepping ~*~*~tactically~*~*~ (stealth).
 49416 | Vaults:5 | Received a gift from Okawaru
 49418 | Vaults:5 | 49418 ||| DROPPING +2 heavy broad axe.
 49604 | Vaults:5 | 49604 ||| INVOKING Heroism.
 49778 | Vaults:5 | 49778 ||| INVOKING Heroism.
 49797 | Vaults:5 | 49797 ||| Stepping ~*~*~tactically~*~*~ (hiding).
 49838 | Vaults:5 | 49838 ||| INVOKING Heroism.
 49847 | Vaults:5 | Identified the +6 battleaxe of Imminent Death {heavy, rF++
                  | rCorr Str+3 Int-4}
 49847 | Vaults:5 | Identified the ring of Juenwiaf {Wiz Will+ Str+2 Dex+5}
 49898 | Vaults:5 | 49898 ||| INVOKING Heroism.
 49941 | Vaults:5 | Noticed an ancient lich
 49942 | Vaults:5 | 49942 ||| INVOKING Heroism.
 49943 | Vaults:5 | 49943 ||| INVOKING Finesse.
 49953 | Vaults:5 | Killed an ancient lich
 49968 | Vaults:5 | Reached skill level 23 in Fighting
 50090 | Vaults:5 | 50090 ||| Stepping ~*~*~tactically~*~*~ (hiding).
 50125 | Vaults:5 | Identified the staff of Animal Spirits {rElec rF- rN+ Dex+4
                  | Stlth+ Air}
 50165 | Vaults:5 | Identified the +4 trident "Igeoruf" {speed, rElec Will+
                  | rCorr} (Okawaru gifted it to you on level 5 of the Vaults)
 50165 | Vaults:5 | Received a gift from Okawaru
 50167 | Vaults:5 | 50167 ||| INVOKING Heroism.
 50230 | Vaults:5 | Got a silver rune of Zot
 50422 | Vaults:5 | Found Ronwy's Jewellery Shoppe.
 50426 | Vaults:5 | 50426 ||| BUYING +5 ring of evasion (684 gold).
 50426 | Vaults:5 | Bought a +5 ring of evasion for 684 gold pieces
 50781 | Vaults:5 | 50781 ||| PLANNING SHOPPING SPREE
 50781 | Vaults:5 | 50781 ||| DROPPING +1 pair of gloves of dexterity.
 50782 | Vaults:5 | 50782 ||| UPGRADING to ring of Juenwiaf {Wiz Will+ Str+2
                  | Dex+5}.
 50784 | Vaults:5 | 50784 ||| UPGRADING to +5 ring of evasion.
 50786 | Vaults:5 | 50786 ||| DROPPING +4 ring of slaying {mikee}.
 50787 | Vaults:5 | 50787 ||| DROPPING ring of Juenwiaf {Wiz Will+ Str+2
                  | Dex+5}.
 51000 | D:8      | 51000 ||| BUYING shiny helmet (202 gold).
 51000 | D:8      | Bought a shiny helmet for 202 gold pieces
 51000 | D:8      | 51000 ||| DROPPING +1 helmet of intelligence.
 51209 | D:8      | 51209 ||| BUYING ring of Veschot {rC- Will+ AC+4 Str+3
                  | Stlth+} (659 gold).
 51209 | D:8      | Bought the ring of Veschot {rC- Will+ AC+4 Str+3 Stlth+}
                  | for 659 gold pieces
 51209 | D:8      | 51209 ||| BUYING ring of protection from cold (325 gold).
 51209 | D:8      | Bought a ring of protection from cold for 325 gold pieces
 51209 | D:8      | 51209 ||| DROPPING ring of ice.
 51210 | D:8      | 51210 ||| UPGRADING to ring of Veschot {rC- Will+ AC+4
                  | Str+3 Stlth+}.
 51212 | D:8      | 51212 ||| PLANNING ZOT:1-4
 51384 | Zot:1    | Entered Level 1 of the Realm of Zot
 51527 | Zot:1    | 51527 ||| Stepping ~*~*~tactically~*~*~ (hiding).
 51668 | Zot:1    | You are sucked into a shaft and drop 1 floor!
 51856 | Zot:1    | 51856 ||| INVOKING Heroism.
 52055 | Zot:1    | 52055 ||| Stepping ~*~*~tactically~*~*~ (hiding).
 52118 | Zot:1    | 52118 ||| DRINKING 5 potions of cancellation.
 52142 | Zot:1    | 52142 ||| Stepping ~*~*~tactically~*~*~ (stealth).
 52143 | Zot:1    | 52143 ||| Stepping ~*~*~tactically~*~*~ (stealth).
 52146 | Zot:1    | 52146 ||| Stepping ~*~*~tactically~*~*~ (stealth).
 52148 | Zot:1    | 52148 ||| Stepping ~*~*~tactically~*~*~ (stealth).
 52149 | Zot:1    | 52149 ||| INVOKING Heroism.
 52238 | Zot:1    | Found a runed translucent gate.
 52238 | Zot:1    | Found a runed translucent gate.
 52240 | Zot:1    | Found a runed translucent gate.
 52291 | Zot:1    | 52291 ||| Stepping ~*~*~tactically~*~*~ (stealth).
 52420 | Zot:1    | 52420 ||| Stepping ~*~*~tactically~*~*~ (hiding).
 52424 | Zot:1    | 52424 ||| INVOKING Heroism.
 52477 | Zot:1    | Noticed qw's ghost (veteran GrFi)
 52542 | Zot:1    | 52542 ||| Stepping ~*~*~tactically~*~*~ (hiding).
 52594 | Zot:1    | Received a gift from Okawaru
 52747 | Zot:1    | 52747 ||| Stepping ~*~*~tactically~*~*~ (cloud).
 52880 | Zot:1    | 52880 ||| DROPPING +0 cloak.
 52899 | Zot:2    | 52899 ||| FLEEEEING.
 52900 | Zot:2    | 52900 ||| FLEEEEING.
 52901 | Zot:2    | 52901 ||| STAIRDANCE
 53045 | Zot:2    | 53045 ||| INVOKING Heroism.
 53070 | Zot:2    | Reached XP level 27. HP: 186/186 MP: 30/30
 53145 | Zot:2    | 53145 ||| Stepping ~*~*~tactically~*~*~ (hiding).
 53148 | Zot:2    | Identified the +10 hand axe of Ocuruazy {flame, rPois
                  | Str+2}
 53202 | Zot:2    | Received a gift from Okawaru
 53484 | Zot:2    | 53484 ||| INVOKING Heroism.
 53544 | Zot:2    | 53544 ||| INVOKING Heroism.
 53547 | Zot:2    | HP: 45/189 [black draconian knight/bolt of lightning[a
                  | white draconian stormcaller] (7)]
 53548 | Zot:2    | 53548 ||| READING 16 scrolls of teleportation.
 53548 | Zot:2    | HP: 13/189 [black draconian knight/+3 war axe of
                  | distortion[a white draconian stormcaller] (15)]
 53549 | Zot:2    | 53549 ||| DRINKING 10 potions of heal wounds.
 53550 | Zot:2    | 53550 ||| DRINKING 9 potions of heal wounds.
 53551 | Zot:2    | 53551 ||| DRINKING 8 potions of heal wounds.
 53552 | Zot:2    | 53552 ||| DRINKING 7 potions of heal wounds.
 53670 | Zot:2    | 53670 ||| Stepping ~*~*~tactically~*~*~ (stealth).
 53672 | Zot:2    | 53672 ||| INVOKING Heroism.
 53698 | Zot:2    | 53698 ||| INVOKING Heroism.
 53705 | Zot:2    | Noticed an orb of fire
 53706 | Zot:2    | 53706 ||| DRINKING 7 potions of resistance.
 53724 | Zot:2    | Gained mutation: You are clumsy. (Dex -2) [an orb of fire]
 53735 | Zot:2    | Gained mutation: You are very clumsy. (Dex -4) [an orb of
                  | fire]
 53736 | Zot:2    | Reached skill level 24 in Fighting
 53736 | Zot:2    | Gained mutation: You are weak. (Str -2) [an orb of fire]
 53740 | Zot:2    | Gained mutation: Your spells are a little easier to cast,
                  | but a little less powerful. [an orb of fire]
 53743 | Zot:2    | Gained mutation: You occasionally shout uncontrollably at
                  | your foes. [an orb of fire]
 53745 | Zot:2    | Gained mutation: Your body often deteriorates upon taking
                  | damage. [an orb of fire]
 53755 | Zot:2    | Killed an orb of fire
 53938 | Zot:2    | 53938 ||| DRINKING 6 potions of mutation.
 53938 | Zot:2    | Lost mutation: You are weak. (Str -2) [potion of mutation]
 53938 | Zot:2    | Lost mutation: Your spells are a little easier to cast, but
                  | a little less powerful. [potion of mutation]
 53938 | Zot:2    | Gained mutation: Your magical capacity is low. (-10% MP)
                  | [potion of mutation]
 53938 | Zot:2    | Gained mutation: Your magical capacity is very low. (-20%
                  | MP) [potion of mutation]
 53938 | Zot:2    | Gained mutation: Your flesh is cold resistant. (rC+)
                  | [potion of mutation]
 53938 | Zot:2    | Gained mutation: Your flesh is very cold resistant. (rC++)
                  | [potion of mutation]
 53939 | Zot:2    | 53939 ||| DRINKING 5 potions of mutation.
 53939 | Zot:2    | Lost mutation: You occasionally shout uncontrollably at
                  | your foes. [potion of mutation]
 53939 | Zot:2    | Lost mutation: You are very clumsy. (Dex -4) [potion of
                  | mutation]
 53939 | Zot:2    | Gained mutation: You possess an exceptional clarity of
                  | mind. [potion of mutation]
 53939 | Zot:2    | Gained mutation: Your flesh is heat resistant. (rF+)
                  | [potion of mutation]
 53940 | Zot:2    | 53940 ||| DRINKING 4 potions of mutation.
 53940 | Zot:2    | Lost mutation: Your flesh is very cold resistant. (rC++)
                  | [potion of mutation]
 53940 | Zot:2    | Lost mutation: Your magical capacity is very low. (-20% MP)
                  | [potion of mutation]
 53940 | Zot:2    | Gained mutation: You are very clumsy. (Dex -4) [potion of
                  | mutation]
 53940 | Zot:2    | Lost mutation: You are very clumsy. (Dex -4) [potion of
                  | mutation]
 53940 | Zot:2    | Lost mutation: Your body often deteriorates upon taking
                  | damage. [potion of mutation]
 53940 | Zot:2    | Gained mutation: You have sharp toenails. [potion of
                  | mutation]
 53998 | Zot:2    | 53998 ||| Stepping ~*~*~tactically~*~*~ (hiding).
 53999 | Zot:2    | 53999 ||| Stepping ~*~*~tactically~*~*~ (hiding).
 54000 | Zot:2    | 54000 ||| Stepping ~*~*~tactically~*~*~ (hiding).
 54001 | Zot:2    | 54001 ||| Stepping ~*~*~tactically~*~*~ (hiding).
 54002 | Zot:2    | 54002 ||| Stepping ~*~*~tactically~*~*~ (hiding).
 54026 | Zot:2    | 54026 ||| Stepping ~*~*~tactically~*~*~ (stealth).
 54062 | Zot:2    | Identified the +7 spear "Waim" {antimagic, *Noise rPois rC-
                  | Will+++}
 54065 | Zot:2    | 54065 ||| INVOKING Heroism.
 54103 | Zot:2    | Received a gift from Okawaru
 54105 | Zot:2    | 54105 ||| Stepping ~*~*~tactically~*~*~ (hiding).
 54323 | Zot:2    | 54323 ||| DROPPING +1 cloak of stealth.
 54395 | Zot:3    | 54395 ||| Stepping ~*~*~tactically~*~*~ (hiding).
 54421 | Zot:3    | 54421 ||| Stepping ~*~*~tactically~*~*~ (hiding).
 54445 | Zot:3    | 54445 ||| Stepping ~*~*~tactically~*~*~ (hiding).
 54691 | Zot:3    | 54691 ||| INVOKING Heroism.
 54736 | Zot:3    | HP: 46/191 [lightning spire/bolt of electricity (2)]
 54737 | Zot:3    | 54737 ||| READING 15 scrolls of teleportation.
 54738 | Zot:3    | 54738 ||| DRINKING 6 potions of heal wounds.
 54739 | Zot:3    | 54739 ||| INVOKING Heroism.
 54776 | Zot:3    | Received a gift from Okawaru
 54777 | Zot:3    | 54777 ||| INVOKING Heroism.
 54946 | Zot:3    | 54946 ||| READING scroll of enchant weapon.
 54946 | Zot:3    | 54946 ||| ENCHANTING +3 vampiric war axe.
 54978 | Zot:3    | 54978 ||| INVOKING Heroism.
 54980 | Zot:3    | Found a runed translucent gate.
 54993 | Zot:3    | Noticed qw's ghost (veteran GrFi)
 55003 | Zot:3    | Reached skill level 25 in Fighting
 55044 | Zot:3    | Noticed Icycared's ghost (master GrFi)
 55117 | Zot:3    | Found a runed translucent gate.
 55118 | Zot:3    | Found a runed translucent gate.
 55135 | Zot:3    | 55135 ||| Stepping ~*~*~tactically~*~*~ (hiding).
 55149 | Zot:3    | 55149 ||| Stepping ~*~*~tactically~*~*~ (hiding).
 55165 | Zot:3    | 55165 ||| Stepping ~*~*~tactically~*~*~ (hiding).
 55170 | Zot:3    | 55170 ||| INVOKING Heroism.
 55198 | Zot:3    | 55198 ||| INVOKING Heroism.
 55222 | Zot:3    | 55222 ||| INVOKING Heroism.
 55226 | Zot:3    | 55226 ||| Stepping ~*~*~tactically~*~*~ (hiding).
 55227 | Zot:3    | 55227 ||| Stepping ~*~*~tactically~*~*~ (hiding).
 55240 | Zot:3    | Received a gift from Okawaru
 55429 | Zot:3    | 55429 ||| INVOKING Heroism.
 55522 | Zot:3    | 55522 ||| Stepping ~*~*~tactically~*~*~ (hiding).
 55806 | Zot:3    | 55806 ||| Stepping ~*~*~tactically~*~*~ (stealth).
 55814 | Zot:3    | 55814 ||| Stepping ~*~*~tactically~*~*~ (hiding).
 55824 | Zot:3    | 55824 ||| INVOKING Heroism.
 55887 | Zot:3    | 55887 ||| Stepping ~*~*~tactically~*~*~ (hiding).
 55901 | Zot:3    | 55901 ||| INVOKING Heroism.
 55902 | Zot:3    | Received a gift from Okawaru
 55903 | Zot:3    | 55903 ||| Stepping ~*~*~tactically~*~*~ (hiding).
 55942 | Zot:3    | 55942 ||| Stepping ~*~*~tactically~*~*~ (hiding).
 56079 | Zot:4    | 56079 ||| INVOKING Heroism.
 56109 | Zot:4    | Received a gift from Okawaru
 56122 | Zot:4    | Reached skill level 26 in Fighting
 56149 | Zot:4    | Noticed an orb of fire
 56150 | Zot:4    | 56150 ||| INVOKING Heroism.
 56151 | Zot:4    | 56151 ||| INVOKING Finesse.
 56151 | Zot:4    | Gained mutation: You are very clumsy. (Dex -4) [an orb of
                  | fire]
 56167 | Zot:4    | Gained mutation: Potions are less effective at restoring
                  | your health. [an orb of fire]
 56177 | Zot:4    | Killed an orb of fire
 56210 | Zot:4    | 56210 ||| DRINKING 3 potions of mutation.
 56210 | Zot:4    | Lost mutation: You possess an exceptional clarity of mind.
                  | [potion of mutation]
 56210 | Zot:4    | Lost mutation: You have sharp toenails. [potion of
                  | mutation]
 56210 | Zot:4    | Lost mutation: Your magical capacity is low. (-10% MP)
                  | [potion of mutation]
 56210 | Zot:4    | Gained mutation: You have hidden genetic potential. [potion
                  | of mutation]
 56211 | Zot:4    | 56211 ||| DRINKING 2 potions of mutation.
 56211 | Zot:4    | Lost mutation: Your body sometimes deteriorates upon taking
                  | damage. [potion of mutation]
 56211 | Zot:4    | Lost mutation: You are partially covered in iridescent
                  | scales. (AC +2) [potion of mutation]
 56211 | Zot:4    | Gained mutation: Your spells are a little easier to cast,
                  | but a little less powerful. [potion of mutation]
 56211 | Zot:4    | Gained mutation: You have large cloven feet. [potion of
                  | mutation]
 56211 | Zot:4    | Gained mutation: Your mind is acute. (Int +4, Str/Dex -1)
                  | [potion of mutation]
 56212 | Zot:4    | 56212 ||| DRINKING potion of mutation.
 56212 | Zot:4    | Lost mutation: You passively map a small area around you.
                  | [potion of mutation]
 56212 | Zot:4    | Lost mutation: You are very clumsy. (Dex -4) [potion of
                  | mutation]
 56212 | Zot:4    | Lost mutation: You have hidden genetic potential. [potion
                  | of mutation]
 56212 | Zot:4    | Gained mutation: Your spells are easier to cast, but less
                  | powerful. [potion of mutation]
 56212 | Zot:4    | Gained mutation: You are very clumsy. (Dex -4) [potion of
                  | mutation]
 56212 | Zot:4    | Gained mutation: Your movements are slightly less
                  | encumbered by armour. (ER -2) [potion of mutation]
 56218 | Zot:4    | 56218 ||| Stepping ~*~*~tactically~*~*~ (stealth).
 56259 | Zot:4    | 56259 ||| INVOKING Heroism.
 56342 | Zot:4    | 56342 ||| Stepping ~*~*~tactically~*~*~ (stealth).
 56344 | Zot:4    | 56344 ||| Stepping ~*~*~tactically~*~*~ (hiding).
 56347 | Zot:4    | 56347 ||| INVOKING Heroism.
 56370 | Zot:4    | 56370 ||| Stepping ~*~*~tactically~*~*~ (stealth).
 56371 | Zot:4    | 56371 ||| Stepping ~*~*~tactically~*~*~ (stealth).
 56373 | Zot:4    | 56373 ||| Stepping ~*~*~tactically~*~*~ (hiding).
 56423 | Zot:4    | 56423 ||| INVOKING Heroism.
 56468 | Zot:4    | 56468 ||| Stepping ~*~*~tactically~*~*~ (hiding).
 56482 | Zot:4    | 56482 ||| Stepping ~*~*~tactically~*~*~ (hiding).
 56489 | Zot:4    | 56489 ||| Stepping ~*~*~tactically~*~*~ (hiding).
 56499 | Zot:4    | Received a gift from Okawaru
 56576 | Zot:4    | 56576 ||| Stepping ~*~*~tactically~*~*~ (stealth).
 56578 | Zot:4    | 56578 ||| Stepping ~*~*~tactically~*~*~ (hiding).
 56590 | Zot:4    | 56590 ||| Stepping ~*~*~tactically~*~*~ (hiding).
 56591 | Zot:4    | 56591 ||| Stepping ~*~*~tactically~*~*~ (hiding).
 56643 | Zot:4    | 56643 ||| Stepping ~*~*~tactically~*~*~ (stealth).
 56747 | Zot:4    | 56747 ||| Stepping ~*~*~tactically~*~*~ (stealth).
 56749 | Zot:4    | 56749 ||| Stepping ~*~*~tactically~*~*~ (hiding).
 56794 | Zot:4    | 56794 ||| Stepping ~*~*~tactically~*~*~ (hiding).
 56795 | Zot:4    | 56795 ||| INVOKING Heroism.
 56820 | Zot:4    | 56820 ||| Stepping ~*~*~tactically~*~*~ (hiding).
 56821 | Zot:4    | 56821 ||| Stepping ~*~*~tactically~*~*~ (hiding).
 56823 | Zot:4    | 56823 ||| Stepping ~*~*~tactically~*~*~ (hiding).
 56908 | Zot:4    | 56908 ||| INVOKING Heroism.
 56921 | Zot:4    | Received a gift from Okawaru
 56931 | Zot:4    | 56931 ||| PLANNING SLIME:5
 56931 | Zot:4    | 56931 ||| UPGRADING to +2 cloak of poison resistance.
 56941 | Zot:4    | 56941 ||| UPGRADING to +2 helmet of see invisible.
 56951 | Zot:4    | 56951 ||| UPGRADING to +5 ring of evasion.
 57003 | Zot:2    | 57003 ||| INVOKING Heroism.
 57287 | Slime:1  | Entered Level 1 of the Pits of Slime
 57303 | Slime:2  | 57303 ||| Stepping ~*~*~tactically~*~*~ (hiding).
 57318 | Slime:2  | 57318 ||| INVOKING Heroism.
 57321 | Slime:2  | Received a gift from Okawaru
 57472 | Slime:5  | Entered Level 5 of the Pits of Slime
 57490 | Slime:5  | Received a gift from Okawaru
 57508 | Slime:5  | Gained mutation: You are occasionally teleported next to
                  | monsters. [a shining eye]
 57534 | Slime:5  | 57534 ||| DRINKING 10 potions of curing.
 57534 | Slime:5  | 57534 ||| (to cure confusion)
 57541 | Slime:5  | Gained mutation: You occasionally lose the ability to read
                  | scrolls when taking damage. [a shining eye]
 57546 | Slime:5  | Gained mutation: Your body sometimes deteriorates upon
                  | taking damage. [a shining eye]
 57549 | Slime:5  | 57549 ||| DRINKING 4 potions of cancellation.
 57549 | Slime:5  | Paralysed by a floating eye for 3 turns
 57552 | Slime:5  | 57552 ||| INVOKING Heroism.
 57559 | Slime:5  | Gained mutation: You occasionally shout uncontrollably at
                  | your foes. [a shining eye]
 57734 | Slime:5  | Reached skill level 27 in Fighting
 57750 | Slime:5  | Noticed the Royal Jelly
 57752 | Slime:5  | 57752 ||| INVOKING Heroism.
 57791 | Slime:5  | 57791 ||| DRINKING 3 potions of cancellation.
 57841 | Slime:5  | 57841 ||| INVOKING Heroism.
 57855 | Slime:5  | 57855 ||| DRINKING 2 potions of cancellation.
 57871 | Slime:5  | 57871 ||| DRINKING potion of cancellation.
 57872 | Slime:5  | 57872 ||| INVOKING Heroism.
 57921 | Slime:5  | HP: 47/199 [the Royal Jelly (16)]
 57922 | Slime:5  | 57922 ||| READING 14 scrolls of teleportation.
 57923 | Slime:5  | 57923 ||| DRINKING 5 potions of heal wounds.
 57925 | Slime:5  | 57925 ||| DRINKING 4 potions of heal wounds.
 58019 | Slime:5  | 58019 ||| INVOKING Heroism.
 58033 | Slime:5  | 58033 ||| READING 13 scrolls of teleportation.
 58034 | Slime:5  | HP: 46/199 [acid (4)]
 58035 | Slime:5  | 58035 ||| DRINKING 3 potions of heal wounds.
 58038 | Slime:5  | 58038 ||| DRINKING 2 potions of heal wounds.
 58309 | Slime:5  | 58309 ||| READING 12 scrolls of teleportation.
 58310 | Slime:5  | 58310 ||| INVOKING Heroism.
 58404 | Slime:5  | 58404 ||| INVOKING Heroism.
 58429 | Slime:5  | 58429 ||| READING 11 scrolls of teleportation.
 58431 | Slime:5  | HP: 38/199 [acid blob/splash of acid[the Royal Jelly] (17)]
 58432 | Slime:5  | 58432 ||| DRINKING potion of heal wounds.
 58948 | Slime:5  | Found a viscous altar of Jiyva.
 58951 | Slime:5  | Found the +0 pair of fencer's gloves {Riposte Dex+3}
 58952 | Slime:5  | Found the +8 Wrath of Trog {antimagic, *Rage Rampage}
 59080 | Slime:5  | 59080 ||| INVOKING Heroism.
 59101 | Slime:5  | 59101 ||| READING 10 scrolls of teleportation.
 59102 | Slime:5  | HP: 41/199 [the Royal Jelly (14)]
 59103 | Slime:5  | HP: 15/199 [acid blob[the Royal Jelly] (6)]
 59103 | Slime:5  | HP: 7/199 [acid[the Royal Jelly] (8)]
 59104 | Slime:5  | HP: 1/199 [acid (4)]
 59111 | Slime:5  | 59111 ||| INVOKING Heroism.
 59114 | Slime:5  | 59114 ||| READING 9 scrolls of teleportation.
 59135 | Slime:5  | 59135 ||| INVOKING Heroism.
 59138 | Slime:5  | 59138 ||| READING 8 scrolls of teleportation.
 59168 | Slime:5  | 59168 ||| INVOKING Heroism.
 59172 | Slime:5  | HP: 44/199 [acid blob/splash of acid[the Royal Jelly] (13)]
 59173 | Slime:5  | 59173 ||| READING 7 scrolls of teleportation.
 59220 | Slime:5  | 59220 ||| INVOKING Heroism.
 59225 | Slime:5  | HP: 42/199 [acid (11)]
 59226 | Slime:5  | 59226 ||| READING 6 scrolls of teleportation.
 59230 | Slime:5  | 59230 ||| READING 5 scrolls of teleportation.
 59233 | Slime:5  | HP: 30/199 [acid (4)]
 59234 | Slime:5  | 59234 ||| READING 4 scrolls of teleportation.
 59236 | Slime:5  | Slain by a rockslime

Levels and vault maps discovered:
D:1:      kennysheep_arrival_seaside, layout_loops_ring,
          chequers_ecumenical_altar_grove, serial_glass, glass_columns_a,
          glass_columns_a
D:2:      layout_rooms, basic_altar
D:3:      layout_loops_ring, nemelex_dance_club_becter, uniq_natasha
D:4:      layout_rooms, serial_shops, nicolae_shop_drivethru, shop_fountains
D:5:      nicolae_cairo_tiling_very_big, layout_gridville, grunt_tough_drop
D:6:      layout_cave_pools, mainiacjoe_overflow_brackets,
          minmay_temple_entry_statues
D:7:      layout_loops_cross, grunt_temple_overflow_lords_of_destruction,
          mainiacjoe_overflow_boulevard, lemuel_tele_altar,
          uniq_crazy_yiuf_cottage, uniq_joseph
D:8:      layout_gridville, kennysheep_mini, lemuel_coloured_pillars_altar,
          mainiacjoe_overflow_chevrons, serial_shops, nicolae_shop_hallway_plus,
          shop, nicolae_shop_rolling_square, shop, shop_statue
D:9:      layout_long_grid, marbit_many_paths, general_overflow_altar
D:10:     layout_layer_cave, riverfiend_overflow_shadow_ancestor,
          amcnicky_altar_gilded, minmay_lair_entry_lava, minmay_misc_feat_rows,
          uniq_erolcha, uniq_grum
D:11:     layout_basic, uniq_maurice
D:12:     layout_basic, zombieorc1_lemuel
D:13:     layout_long_grid, kennysheep_path_1
D:14:     layout_layer_cave, grunt_vaults_entry_tiered, grunt_qazlal_clouds
D:15:     grunt_enter_depths_giant_problem, layout_irregular_city,
          portal_ice_cave_entry_pillars_three, uniq_azrael
Temple:   hellmonk_temple_rainy
Lair:1:   layout_loops_ring, enter_volcano_1, serial_bayou_pond_d,
          dreamdust_mushroom_princess, minmay_stone_trees_medium,
          serial_bayou_pond_a, hangedman_lair_generics_rect, uniq_gastronok
Lair:2:   layout_loops_ring, minmay_shoals_entry_hut, kennysheep_rathole
Lair:3:   beargit_carnivore_pack, layout_regular_city, dummy_spider_entry,
          basic_altar, gauntlet_entry_generic, chequers_serial_rivers_micro_b,
          uniq_snorg
Lair:4:   layout_misc_corridors, nicolae_slime_entry_field_trip,
          ebering_ghost_funeral_grove, grunt_megastairs_3
Lair:5:   due_jungle_book, layout_regular_city, chequers_serial_rivers_large_b
Shoals:1: layout_shoals, uniq_aizul
Shoals:2: layout_shoals, serial_shops, bzr_entry_dummy
Shoals:3: layout_shoals, serial_shops, shop_fountains, lemuel_centaur_altar
Shoals:4: shoals_end_hangedman, layout_shoals, nicolae_shoals_mertower
Spider:1: layout_spider_delve, uniq_louise
Spider:2: layout_spider_delve, uniq_nikola, uniq_arachne
Spider:3: layout_spider_delve, nicolae_spider_circle_web
Spider:4: floodkiller_spider_rune_tomb, hellmonk_motheaten_closet, uniq_roxanne
Slime:1:  layout_caves, cheibrodos_slime_lost_civilization_4
Slime:2:  layout_caves
Slime:3:  layout_caves
Slime:4:  layout_caves
Slime:5
Orc:1:    layout_caves, serial_shops, shop, uniq_josephine
Orc:2:    hellmonk_orc_salted, layout_caves, basic_altar, serial_shops, shop,
          shop, nicolae_shop_pleasant_corner_grove,
          nicolae_shop_getting_attention, abandoned_shop, nicolae_alphabet_shops
Vaults:1: mu_enter_wizlab_4, grunt_vaults_focal, nicolae_vaults_tetromino_L_1,
          door_vault, ontoclasm_vaults_gateway,
          nicolae_vaults_offset_grid_hallway_1, v_misc_12, v_rooms_6,
          ontoclasm_vaults_twist, nicolae_vaults_prndl, v_rooms_4,
          nicolae_vaults_apartment_1, nicolae_vaults_hexular_roomagon,
          nicolae_vaults_tetromino_Z_1, layout_vaults_maze
Vaults:2: nicolae_vaults_mush_room, minmay_crypt_entry_simple_sparse,
          nicolae_vaults_hexular_roomagon, v_pattern_5, hangedman_vaults_hat,
          nicolae_vaults_little_squares_2, nicolae_vaults_asterisk,
          nicolae_vaults_trapezoid_3, layout_vaults_omnigrid, uniq_saint_roka
Vaults:3: v_rooms_1, nicolae_vaults_stepped_doors, vaults_dpeg_spiral,
          vaults_mumra_hex, nicolae_vaults_triangles,
          nicolae_vaults_three_branches, nicolae_vaults_cochlea,
          nicolae_vaults_ring_of_whatevers, v_rooms_5, vaults_room_pools,
          ontoclasm_vaults_misaligned, ontoclasm_vaults_decontamination,
          layout_vaults_big_cross, serial_shops, nicolae_shop_industrial_runoff,
          uniq_donald
Vaults:4: hangedman_vaults_variations, nicolae_vaults_storage_closets_3,
          ontoclasm_vaults_idyll, ontoclasm_vaults_ring_large, st_spiral_rooms,
          nicolae_vaults_what_the_h, nicolae_vaults_surprise_closet,
          nicolae_vaults_frosty_reception, v_misc_30,
          nicolae_vaults_offset_grid_hallway_1, nicolae_vaults_trapezoid_1,
          nicolae_vaults_tangram_1, layout_vaults_omnibox, serial_shops, shop,
          shop, shop
Vaults:5
Depths:1: layout_forbidden_donut, enter_ziggurat_c, grunt_hell_entry_dis_mu,
          serial_shops, shop, hangedman_abyss_or_decor_clamps,
          nicolae_inconvenience_store, cheibrodos_ashenzari_chains
Depths:2: lemuel_river_lethe, hell_entry, pan_entry
Depths:3: gammafunk_sealed_arena, layout_honeycomb,
          serial_sigils_hangedman_leer, hangedman_abyss_entry_splay,
          nicolae_hell_entry_hellmouth_sunbeams, minmay_staircase_bubble
Depths:4: grunt_zot_entry_tricorne, layout_basic, hell_entry,
          muffindrake_ghost_three_little_ghosts, nicolae_figureground_sparkle,
          serial_shops, nicolae_shop_stone, uniq_mennas
Zot:1:    layout_basic, gammafunk_ghost_necromancy, uniq_grunn
Zot:2:    layout_misc_corridors, grunt_megastairs_4, uniq_josephina
Zot:3:    infiniplex_zot_generator, layout_basic, gammafunk_ghost_cemetery
Zot:4:    layout_misc_corridors, zot_minivault_2

Skill      XL: |  1  2  3  4  5  6  7  8  9 10 11 12 13 14 15 16 17 18 19 20 21 22 23 24 25 26 27 |
---------------+----------------------------------------------------------------------------------+-----
Axes           | 2 3 4 5 6 7 8 9 11 12 14 15 16 17 18 | 18.2
Fighting       | 4 5 6 7 9 10 12 13 15 16 18 19 20 21 23 27 | 27.0
Armour         | 4 5 6 7 9 13 14 15 16 17 19 20 21 22 | 22.0
Dodging        | 1 2 3 4 5 6 7 |  7.0
Throwing       | 1 3 4 5 7 8 10 11 12 13 14 | 14.5
Shields        | 5 6 7 8 10 16 18 19 20 21 22 | 22.0
Invocations    | 4 6 9 10 11 | 11.5

Action                     |  1- 3 |  4- 6 |  7- 9 | 10-12 | 13-15 | 16-18 | 19-21 | 22-24 | 25-27 || total
---------------------------+-------+-------+-------+-------+-------+-------+-------+-------+-------++-------
  Melee: War axe           |   110 |   149 |   269 |   506 |  1119 |       |  1094 |   372 |  2550 ||  6169
         Morningstar       |       |       |       |    13 |    24 |       |       |       |       ||    37
         Broad axe         |       |       |       |       |   419 |  1604 |   437 |       |       ||  2460
  Throw: Boomerang         |       |    28 |    47 |   100 |    81 |   197 |   159 |   115 |    96 ||   823
         Javelin           |       |       |       |    51 |   135 |    21 |    55 |     4 |   105 ||   371
 Invoke: Heroism           |       |       |       |    23 |    39 |    39 |    21 |     7 |    54 ||   183
         Finesse           |       |       |       |     2 |     4 |     7 |    10 |     4 |     3 ||    30
    Use: Scroll            |     7 |     5 |     3 |     9 |    10 |     5 |     4 |       |    14 ||    57
         Potion            |       |       |     5 |     2 |     4 |     4 |     7 |     5 |    23 ||    50
   Stab: Distracted        |       |       |       |     1 |       |     1 |     1 |       |     1 ||     4
         Petrified         |       |       |       |       |       |     4 |       |       |       ||     4
         Petrifying        |       |       |       |       |       |     3 |       |       |       ||     3
 Armour: Scale mail        |    49 |       |       |       |       |       |       |       |       ||    49
         Plate armour      |     1 |   100 |   163 |   232 |       |       |       |       |       ||   496
         Skin              |       |     8 |       |       |       |       |       |       |       ||     8
         Crystal plate arm |       |       |       |    48 |   961 |   488 |       |       |       ||  1497
         Gold dragon scale |       |       |       |       |       |   443 |   694 |   189 |  1776 ||  3102
  Dodge: Dodged            |    39 |    36 |   107 |   287 |   721 |   570 |   449 |    87 |  1229 ||  3525
  Block: Buckler           |    20 |    20 |    58 |   128 |   342 |    77 |       |       |       ||   645
         Tower shield      |       |       |       |       |       |  1144 |  1352 |   285 |  2808 ||  5589

Table legend:
 A = Non-vault XP
 B = Vault XP
 C = Vault XP percentage of total XP
 D = Non-vault monster count
 E = Vault monster count
 F = Vault count percentage of total count
                 A         B        C        D         E       F
            +---------+---------+-------+---------+---------+-------
      Total |  625443 |  479331 |  43.4 |    1267 |     699 |  35.6
            +---------+---------+-------+---------+---------+-------
        D:1 |      47 |       0 |   0.0 |      29 |       0 |   0.0
        D:2 |      33 |       0 |   0.0 |       8 |       0 |   0.0
        D:3 |     145 |      38 |  20.8 |      16 |       3 |  15.8
        D:4 |     219 |       0 |   0.0 |      22 |       0 |   0.0
        D:5 |     387 |     116 |  23.1 |      13 |       4 |  23.5
        D:6 |    1202 |       0 |   0.0 |      21 |       0 |   0.0
        D:7 |     625 |     516 |  45.2 |      23 |       2 |   8.0
        D:8 |    2455 |       0 |   0.0 |      32 |       0 |   0.0
        D:9 |     685 |      91 |  11.7 |      16 |       1 |   5.9
       D:10 |    1998 |    2297 |  53.5 |      19 |       7 |  26.9
       D:11 |    4502 |     441 |   8.9 |      20 |       1 |   4.8
       D:12 |    2931 |     823 |  21.9 |      10 |      29 |  74.4
       D:13 |    4400 |       0 |   0.0 |      12 |       0 |   0.0
       D:14 |    7290 |    6105 |  45.6 |      20 |      23 |  53.5
       D:15 |    7120 |    3439 |  32.6 |      19 |      10 |  34.5
     Lair:1 |   10689 |    4570 |  29.9 |      35 |      10 |  22.2
     Lair:2 |    8278 |     455 |   5.2 |      38 |      12 |  24.0
     Lair:3 |    7237 |    1647 |  18.5 |      29 |       3 |   9.4
     Lair:4 |    3034 |     802 |  20.9 |       8 |       6 |  42.9
     Lair:5 |    9981 |   15552 |  60.9 |      33 |      32 |  49.2
   Shoals:1 |   16541 |    1198 |   6.8 |      37 |       1 |   2.6
   Shoals:2 |   13207 |       0 |   0.0 |      24 |       0 |   0.0
   Shoals:3 |   21276 |     438 |   2.0 |      44 |       4 |   8.3
   Shoals:4 |    8152 |   30412 |  78.9 |      17 |      47 |  73.4
   Spider:1 |   12353 |    1175 |   8.7 |      35 |       1 |   2.8
   Spider:2 |   13789 |    4328 |  23.9 |      37 |       2 |   5.1
   Spider:3 |   12469 |       0 |   0.0 |      30 |       0 |   0.0
   Spider:4 |   12985 |   29452 |  69.4 |      26 |      52 |  66.7
    Slime:1 |    2424 |       0 |   0.0 |       2 |       0 |   0.0
    Slime:2 |   11064 |       0 |   0.0 |      18 |       0 |   0.0
    Slime:3 |    2635 |       0 |   0.0 |       2 |       0 |   0.0
    Slime:5 |    9628 |   12601 |  56.7 |      14 |      12 |  46.2
      Orc:1 |    4123 |    1735 |  29.6 |      40 |       5 |  11.1
      Orc:2 |    2575 |    9577 |  78.8 |      26 |      30 |  53.6
   Vaults:1 |   39983 |    8349 |  17.3 |      61 |      12 |  16.4
   Vaults:2 |   24405 |   26735 |  52.3 |      37 |      37 |  50.0
   Vaults:3 |   19406 |   24540 |  55.8 |      34 |      31 |  47.7
   Vaults:4 |   37944 |   29521 |  43.8 |      46 |      33 |  41.8
   Vaults:5 |   12733 |   89582 |  87.6 |      19 |      85 |  81.7
   Depths:1 |   21121 |     755 |   3.5 |      29 |       1 |   3.3
   Depths:2 |       0 |   89826 | 100.0 |       0 |     110 | 100.0
   Depths:3 |   24253 |   11154 |  31.5 |      29 |      15 |  34.1
   Depths:4 |   10210 |   21496 |  67.8 |      10 |      16 |  61.5
      Zot:1 |   36234 |       0 |   0.0 |      32 |       0 |   0.0
      Zot:2 |   49677 |    4249 |   7.9 |      42 |       4 |   8.7
      Zot:3 |   61946 |   28028 |  31.2 |      59 |      33 |  35.9
      Zot:4 |   38461 |   12225 |  24.1 |      24 |       9 |  27.3
    Abyss:1 |    4551 |       0 |   0.0 |      12 |       0 |   0.0
    Abyss:2 |   28040 |       0 |   0.0 |      58 |       0 |   0.0
   Gauntlet |       0 |    5063 | 100.0 |       0 |      16 | 100.0
            +---------+---------+-------+---------+---------+-------
